 Dungeon Crawl Stone Soup version 0.30.0-10-gfe55d96785 (webtiles) character file.

Game seed: 10441767185663333075

590832 Sobieck the Intangible (level 26, -11/151 HPs)
             Began as a Deep Elf Hunter on May 13, 2023.
             Was the Champion of Hepliaklqana.
             Mangled by a death cob (26 damage)
             ... on level 4 of the Realm of Zot on May 14, 2023.
             The game lasted 03:20:39 (58339 turns).

Sobieck the Intangible (Deep Elf Hunter)           Turns: 58339, Time: 03:20:40

Health: -11/151    AC: 16    Str: 10 (14) XL:     26   Next: 20%
Magic:  49/50      EV: 37    Int: 18 (19) God:    Hepliaklqana [******]
Gold:   2652       SH:  5    Dex: 26      Spells: 9/49 levels left

rFire   + + +        a - +9 triple crossbow (freeze) {crossbow}
rCold   + . .        (shield currently unavailable)
rNeg    + + .        D - +4 troll leather armour {Pargi}
rPois   +            e - +2 hat {Will+}
rElec   +            H - scarf {rC+ rF+}
rCorr   .            R - +2 pair of gloves
SInv    +            s - +2 pair of boots {Stlth+}
Will    ++++.        X - amulet of reflection
Stlth   +++++        I - ring of Minuhauly {rPois rN++ MP+9}
HPRegen 1.25/turn    W - ring "Kosam" {Contam rElec rF+++ Str+6 Stlth-}
MPRegen 0.32/turn

%: reflection
@: mighty, about to teleport, hasted and slowed
A: reduced essence, horns 1, see invisible, strong-willed 1
}: 3/15 runes: serpentine, barnacled, silver
a: Renounce Religion, Recall Ancestor, Ancestor Identity, Transference, Idealise


You were on level 4 of the Realm of Zot.
You worshipped Hepliaklqana.
Hepliaklqana was exalted by your worship.
You visited 11 branches of the dungeon, and saw 50 of its levels.
You visited 1 bazaar.
You also visited: Sewer and Ossuary.

You collected 6624 gold pieces.
You spent 3972 gold pieces at shops.


Innate Abilities, Weirdness & Mutations

Your life essence is reduced to manifest your ancestor. (-10% HP)
You have a pair of small horns on your head.
You have supernaturally acute eyesight. (SInv)
You are strong-willed. (Will+)


   Skills:
 + Level 17.9 Fighting
 - Level 26.0 Ranged Weapons
 O Level 27 Dodging
 - Level 10.0 Stealth
 - Level 12.0 Spellcasting
 - Level 24.0 Hexes
 - Level 12.0 Necromancy
 - Level 5.0 Translocations
 - Level 5.0 Transmutations
 - Level 5.0 Air Magic
 - Level 12.0 Earth Magic
 - Level 14.0 Invocations


You had 9 spell levels left.
You knew the following spells:

 Your Spells              Type           Power      Damage    Failure   Level
a - Borgnjor's Vile Clut  Necr/Erth      26%        N/A       1%          5
b - Portal Projectile     Hex/Tloc       100%       N/A       1%          3
c - Anguish               Hex/Necr       33%        N/A       1%          4
d - Discord               Hex            38%        N/A       3%          8
e - Enfeeble              Hex            38%        N/A       1%          7
f - Yara's Violent Unrav  Hex/Tmut       29%        3d12      1%          5
g - Silence               Hex/Air        29%        N/A       1%          5
h - Swiftness             Air            28%        N/A       3%          3

Your spell library contained the following spells:

 Spells                   Type           Power      Damage    Failure   Level
 Confusing Touch          Hex            77%        N/A       0%          3
 Tukima's Dance           Hex            77%        N/A       0%          3
 Apportation              Tloc           56%        N/A       1%          1
 Kiss of Death            Conj/Necr      100%       2d13      1%          1
 Necrotise                Necr           100%       1d9       1%          1
 Blink                    Tloc           56%        N/A       1%          2
 Cigotuvi's Dreadful Rot  Necr/Pois/Air  62%        N/A       1%          2
 Ensorcelled Hibernation  Hex/Ice        100%       N/A       1%          2
 Lesser Beckoning         Tloc           56%        N/A       1%          2
 Passwall                 Tmut/Erth      34%        N/A       1%          2
 Sublimation of Blood     Necr           52%        N/A       1%          2
 Wereblood                Tmut           28%        N/A       1%          2
 Dazzling Flash           Conj/Hex       100%       N/A       1%          3
 Inner Flame              Hex/Fire       52%        N/A       1%          3
 Summon Guardian Golem    Hex/Summ       52%        N/A       1%          3
 Vampiric Draining        Necr           52%        2d9       1%          3
 Animate Dead             Necr           52%        N/A       1%          4
 Dispel Undead            Necr           52%        3d19      1%          4
 Leda's Liquefaction      Hex/Erth       33%        N/A       1%          4
 Agony                    Necr           52%        N/A       1%          5
 Metabolic Englaciation   Hex/Ice        26%        N/A       1%          5
 Summon Mana Viper        Hex/Summ       52%        N/A       1%          5
 Stone Arrow              Conj/Erth      64%        3d11      2%          3
 Petrify                  Tmut/Erth      41%        N/A       2%          4
 Vhi's Electric Charge    Tloc/Air       56%        N/A       3%          3
 Momentum Strike          Conj/Tloc      38%        3d9       4%          2
 Poisonous Vapours        Pois/Air       38%        N/A       4%          2
 Static Discharge         Conj/Air       38%        2-4/arc   4%          2
 Animate Armour           Summ/Erth      64%        N/A       8%          4
 Foxfire                  Conj/Fire      40%        2x1d6     9%          1
 Magic Dart               Conj           40%        1d5       9%          1
 Spider Form              Tmut/Pois      19%        N/A       10%         3
 Volatile Blastmotes      Fire/Tloc      38%        2d13      10%         3
 Death Channel            Necr           26%        N/A       10%         6
 Airstrike                Air            14%        2d(2-18)  11%         4
 Manifold Assault         Tloc           28%        N/A       11%         4
 Passage of Golubria      Tloc           28%        N/A       11%         4
 Call Imp                 Summ           20%        N/A       13%         2
 Scorch                   Fire           20%        2d6       13%         2
 Ignite Poison            Fire/Tmut/Pois 16%        N/A       14%         3
 Mephitic Cloud           Conj/Pois/Air  16%        N/A       14%         3
 Hailstorm                Conj/Ice       10%        3d5       26%         3
 Ozocubu's Armour         Ice            10%        N/A       26%         3
 Summon Lightning Spire   Summ/Air       19%        N/A       30%         4
 Blade Hands              Tmut           14%        N/A       30%         5
 Statue Form              Tmut/Erth      27%        N/A       38%         6
 Flame Wave               Conj/Fire      10%        2d6       65%         4
 Sticky Flame             Conj/Fire      10%        2d3       65%         4
 Summon Ice Beast         Ice/Summ       10%        N/A       65%         4
 Alistair's Intoxication  Tmut/Pois      12%        N/A       65%         5
 Arcjolt                  Conj/Air       9%         1d19      65%         5
 Irradiate                Conj/Tmut      9%         3d14      65%         5
 Summon Forest            Summ/Tloc      9%         N/A       65%         5
 Iron Shot                Conj/Erth      16%        9d4       75%         6
 Simulacrum               Ice/Necr       16%        N/A       75%         6
 Freezing Cloud           Conj/Ice/Air   8%         6-21      77%         5
 Fireball                 Conj/Fire      5%         3d5       94%         5
 Eringya's Noxious Bog    Tmut/Pois      9%         N/A       99%         6
 Plasma Beam              Fire/Air       9%         2x1d22    99%         6
 Haunt                    Necr/Summ      16%        N/A       99%         7
 Borgnjor's Revivificati  Necr           26%        N/A       99%         8
 Infestation              Necr           26%        N/A       99%         8
 Starburst                Conj/Fire      5%         6d4       100%        6
 Summon Cactus Giant      Summ           5%         N/A       100%        6
 Dragon Form              Tmut           14%        N/A       100%        7
 Monstrous Menagerie      Summ           5%         N/A       100%        7
 Orb of Destruction       Conj           5%         9d5       100%        7
 Spellforged Servitor     Conj/Summ      5%         N/A       100%        7
 Storm Form               Tmut/Air       14%        N/A       100%        7
 Summon Hydra             Summ           5%         N/A       100%        7
 Ignition                 Fire           5%         3d4       100%        8
 Lehudib's Crystal Spear  Conj/Erth      16%        10d5      100%        8
 Necromutation            Tmut/Necr      20%        N/A       100%        8
 Death's Door             Necr           26%        N/A       100%        9
 Fire Storm               Conj/Fire      5%         8d1       100%        9

Inventory:

Hand Weapons
 a - a +9 triple crossbow of freezing (weapon) {crossbow}
   (You acquired it on level 3 of the Dungeon)
Missiles
 B - 73 poisoned darts {throwing}
 U - 53 boomerangs {throwing}
Armour
 e - a +2 hat of willpower (worn)
   (You found it on level 11 of the Dungeon)
 s - a +2 pair of boots of stealth (worn)
   (You bought it in a shop on level 2 of the Orcish Mines)
 D - a +4 troll leather armour (worn) {Pargi}
   (You found it in a sewer)
 H - a scarf of resistance (worn)
   (You bought it in a shop on level 3 of the Snake Pit)
 R - a +2 pair of gloves (worn)
   (You found it on level 11 of the Dungeon)
Jewellery
 c - a ring of see invisible
   (You found it on level 3 of the Shoals)
 f - the macabre finger necklace {Finger+ rN+}
   (You found it on level 3 of the Vaults)

   [amulet of nothing]

   Finger+:   It enables you to equip an extra ring.
   rN:        It protects you from negative energy.
 m - a ring of flight
   (You found it on level 1 of the Dungeon)
 G - the ring of the Circus Animal {rElec MP+9 Str+6 Int-2}
   (You took it off a deep elf zephyrmancer on level 3 of the Elven Halls)

   [ring of strength]

   Str:       It affects your strength (+6).
   Int:       It affects your intelligence (-2).
   rElec:     It insulates you from electricity.
   MP:        It affects your magic capacity (+9).
 I - the ring of Minuhauly (left hand) {rPois rN++ MP+9}
   (You found it on level 5 of the Lair of Beasts)

   [ring of magical power]

   rPois:     It protects you from poison.
   rN:        It greatly protects you from negative energy.
   MP:        It affects your magic capacity (+9).
 J - a ring of positive energy
   (You found it on level 7 of the Dungeon)
 O - a ring of willpower
   (You found it on level 1 of the Lair of Beasts)
 W - the ring "Kosam" (right hand) {Contam rElec rF+++ Str+6 Stlth-}
   (You took it off a deep elf annihilator on level 3 of the Elven Halls)

   [ring of strength]

   Str:       It affects your strength (+6).
   rF:        It renders you almost immune to fire.
   rElec:     It insulates you from electricity.
   Contam:    It causes magical contamination when unequipped.
   Stlth:     It makes you less stealthy.
 X - an amulet of reflection (around neck)
   (You found it on level 5 of the Dungeon)
Wands
 i - a wand of digging (13)
   (You found it on level 15 of the Dungeon)
 l - a wand of mindburst (40)
   (You found it on level 2 of the Vaults)
 r - a wand of polymorph (11)
   (You found it on level 6 of the Dungeon)
 E - a wand of charming (41)
   (You took it off Erica on level 8 of the Dungeon)
 N - a wand of quicksilver (19)
   (You took it off Joseph on level 7 of the Dungeon)
 P - a wand of flame (142)
   (You found it in a sewer)
 Q - a wand of roots (44)
   (You found it on level 5 of the Dungeon)
Scrolls
 b - 3 scrolls of silence {!r}
 d - 24 scrolls of teleportation {@r4}
 j - 3 scrolls of amnesia
 v - 14 scrolls of vulnerability {!r!r}
 w - 2 scrolls of fear
 x - 11 scrolls of noise {!r}
 y - 6 scrolls of immolation {!r!r}
 C - 5 scrolls of magic mapping {!r}
 M - 61 scrolls of identify {@r1}
 T - 7 scrolls of poison {!r}
 V - 3 scrolls of fog
 Z - 3 scrolls of torment {!r}
Potions
 g - 6 potions of ambrosia
 h - 8 potions of flight
 k - 6 potions of attraction {!q}
 n - 24 potions of curing {@q1}
 o - 8 potions of lignification {!q}
 u - 3 potions of might
 z - 4 potions of haste {@q3}
 A - 3 potions of resistance
 F - 13 potions of brilliance
 K - 9 potions of magic
 L - 3 potions of invisibility
 S - 6 potions of mutation {!q}
 Y - 4 potions of cancellation
Miscellaneous
 p - a tin of tremorstones (2/2) {throwing}
   (You found it on level 5 of the Lair of Beasts)
 q - a phantom mirror
   (You found it on level 5 of the Lair of Beasts)

Dungeon Overview and Level Annotations

Branches:
Dungeon (15/15) Zot: 25048  Temple (1/1) D:6 Zot: 5812    Lair (5/5) D:11 Zot: 24317
 Shoals (4/4) Lair:3 Zot: 19426   Snake (4/4) Lair:2 Zot: 19060   Slime (0/5) Lair:4
    Orc (2/2) D:12 Zot: 10796     Elf (3/3) Orc:2 Zot: 13568  Vaults (5/5) D:14 Zot: 20876
  Crypt (3/3) Vaults:2 Zot: 13644    Tomb (0/3) Crypt:3      Depths (4/4) D:15 Zot: 18696
    Zot (4/5) Depths:4 Zot: 20128   Sewer (visited)         Ossuary (visited)

Altars:
Ashenzari
Cheibriados
Dithmenos
Elyvilon
Fedhas
Gozag
Hepliaklqana
Kikubaaqudgha
Makhleb
Nemelex Xobeh
Okawaru
Qazlal
Ru
Sif Muna
Trog
Uskayaw
Vehumet
Wu Jian
Xom
Yredelemnul
Zin
The Shining One
Jiyva
Lugonu

Shops:
D:3 *   D:9 ?!!(   D:11 [   D:12 *[   Orc:2 [(?[(!*(   Elf:2 [   Shoals:4 *
Snake:3 *   Snake:4 =(:   Vaults:3 (   Zot:4 *

Portals:
Hell: Depths:1 Depths:2 Depths:3 Depths:4
Abyss: Depths:3
Pandemonium: Depths:1 Depths:2
Ziggurat: Depths:1

Annotations:
D:2 1 runed translucent door, Crazy Yiuf
D:11 1 runed translucent door, Onakli's ghost, journeyman DsFi
D:12 1 runed translucent door, GigaChad's ghost, journeyman FoFi
D:13 3 runed translucent doors, Naostoov's ghost, journeyman SpEn
Shoals:3 2 runed translucent doors, suduhmizer's ghost, adept TrGl
Snake:3 Nikola
Elf:2 3 runed translucent doors
Depths:1 2 runed translucent doors, exclusion: orange crystal statue, WeeknightWizard's ghost, veteran DEFE

#.....#.######
#.....#.# #..§§...#
#..§§...# #.§§§...#
#.§§###.# .## #§§§#
#.# ....#####.z§###⌠#
....§R§§§§D@§☼§.#
...D§§..y§☼§§§§.#
######§.z####§§.......
#§§.# ###.....## #§###
#.....# #) #......# #°
#....⌠.# #. #......#
#. .######


You could see the friendly Xiuhtonal the knight (idealised, reflecting), a
golden dragon (berserk, ally target), a curse toe, a death cob and a moth of
wrath (distracted, very poisoned).


Message History

The golden dragon breathes cold at you.
The bolt of cold hits Xiuhtonal.
Xiuhtonal resists.
The bolt of cold hits you!! You resist.
Xiuhtonal hits the golden dragon with a +0 broad axe of speed!
Unknown command.
You shoot a bolt. Xiuhtonal avoids your attack.
The bolt closely misses the golden dragon.
The death cob hits you but does no damage.
Xiuhtonal blocks the golden dragon's attack.
The golden dragon claws Xiuhtonal but does no damage.
Xiuhtonal blocks the golden dragon's attack.
A storm dragon comes into view.
The death cob completely misses you.
A moth of wrath comes into view.
Xiuhtonal hits the golden dragon with a +0 broad axe of speed!!
Xiuhtonal misses the death cob.
The golden dragon bites Xiuhtonal but does no damage.
The golden dragon claws Xiuhtonal but does no damage.
Xiuhtonal blocks the golden dragon's attack.
Unknown command.
As you read the scroll of teleportation {@r4}, it crumbles to dust.
You feel strangely unstable.
You feel the Orb delaying your translocation!
The death cob completely misses you. The death cob closely misses you.
The storm dragon breathes lightning at you.
The bolt of lightning hits Xiuhtonal.
The bolt of lightning misses you. The death cob misses you.
You hear a deafening roar! x2
Really read
T - 8 scrolls of poison {!r}?
The air fills with toxic fumes!
As you read the scroll of poison {!r}, it crumbles to dust.
The death cob closely misses you. x2
The moth of wrath goads the golden dragon on!
The golden dragon goes berserk!
The golden dragon bites you!!
The golden dragon completely misses you.
The golden dragon tramples you!
You stumble backwards!
Unknown command.
Okay, then.
Unknown command.
The death cob attacks as you move away! The death cob hits you!!
* * * LOW HITPOINT WARNING * * *
The death cob drains your vigour!
You feel yourself slow down. The death cob closely misses you.
The storm dragon is engulfed in poison gas.
The storm dragon is poisoned.
The death cob closely misses you.
Xiuhtonal hits the storm dragon with a +0 broad axe of speed.
Unknown command.
You feel yourself speed up. The death cob completely misses you.
The death cob closely misses you. The golden dragon bites you!!
* * * LOW HITPOINT WARNING * * *
The golden dragon claws you!!
* * * LOW HITPOINT WARNING * * *
The golden dragon completely misses you.
The moth of wrath is poisoned.
The moth of wrath completely misses you.
The storm dragon is engulfed in poison gas.
The storm dragon looks even sicker.
The storm dragon bites Xiuhtonal but does no damage.
Xiuhtonal blocks the storm dragon's attack.
The storm dragon tramples Xiuhtonal but does no damage.
You block the death cob's attack. You block the golden dragon's attack.
The golden dragon completely misses you.
The golden dragon tramples you.
* * * LOW HITPOINT WARNING * * *
You stumble backwards!
The moth of wrath is engulfed in poison gas.
The moth of wrath looks even sicker.
The moth of wrath completely misses you.
Xiuhtonal hits the storm dragon with a +0 broad axe of speed!!
The storm dragon is engulfed in poison gas.
The storm dragon looks even sicker.
The storm dragon breathes lightning at you.
The bolt of lightning hits Xiuhtonal!!
The bolt of lightning hits the moth of wrath!!
The bolt of lightning misses you.
Unknown command.
Okay, then.
Okay, then.
Unknown command.
Okay, then.
Unknown command.
The moth of wrath is engulfed in poison gas.
The moth of wrath looks even sicker.
The golden dragon completely misses you.
The golden dragon claws you.
* * * LOW HITPOINT WARNING * * *
The golden dragon barely misses you.
Unknown command.
Unknown command.
Unknown command.
Unknown command.
Okay, then.
Unknown command.
You feel very mighty all of a sudden. The death cob hits you!!
You die...

Skill      XL: |  1  2  3  4  5  6  7  8  9 10 11 12 13 14 15 16 17 18 19 20 21 22 23 24 25 |
---------------+----------------------------------------------------------------------------+-----
Fighting       | 2 3 4 5 6 9 10 11 12 15 17 | 17.9
Dodging        | 3 4 5 6 7 8 9 10 11 12 14 15 17 18 21 25 26 27 | 27.0
Ranged Weapons | 6 7 8 10 12 18 19 20 22 23 25 26 | 26.0
Invocations    | 2 5 7 9 10 14 | 14.0
Stealth        | 5 10 | 10.0
Spellcasting   | 2 6 8 12 | 12.0
Necromancy     | 2 10 12 | 12.0
Earth Magic    | 1 8 12 | 12.0
Hexes          | 9 17 23 24 | 24.0
Translocations | 3 5 |  5.0
Transmutations | 3 5 |  5.0
Air Magic      | 5 |  5.0

Action                     |  1- 3 |  4- 6 |  7- 9 | 10-12 | 13-15 | 16-18 | 19-21 | 22-24 | 25-27 || total
---------------------------+-------+-------+-------+-------+-------+-------+-------+-------+-------++-------
   Fire: Shortbow          |    85 |   148 |    61 |       |       |       |       |       |       ||   294
         Triple crossbow   |       |       |   140 |   333 |   744 |  1006 |   992 |   977 |   224 ||  4416
   Cast: Borgnjor's Vile C |       |       |       |       |       |       |    12 |    31 |     7 ||    50
         Anguish           |       |       |       |       |       |       |     6 |     1 |     1 ||     8
         Yara's Violent Un |       |       |       |       |       |       |    10 |    31 |     1 ||    42
         Discord           |       |       |       |       |       |       |    13 |    90 |    17 ||   120
         Portal Projectile |       |       |       |       |       |       |     1 |       |       ||     1
         Enfeeble          |       |       |       |       |       |       |     1 |    51 |    10 ||    62
 Invoke: Ancestor Life: Kn |       |       |       |     1 |       |       |       |       |       ||     1
         Recall Ancestor   |       |       |       |     1 |     6 |     4 |     5 |     3 |     2 ||    21
         Idealise          |       |       |       |       |     2 |     3 |     9 |     4 |     4 ||    22
         Transference      |       |       |       |       |       |       |     3 |       |       ||     3
  Evoke: Wand              |       |       |       |       |       |     1 |       |       |       ||     1
    Use: Scroll            |       |    11 |    11 |     8 |    16 |     7 |     4 |       |     5 ||    62
         Potion            |       |     2 |     1 |     1 |     6 |     3 |     5 |     6 |    13 ||    37
 Armour: Leather armour    |     8 |    42 |    19 |       |       |       |       |       |       ||    69
         Troll leather arm |       |       |     1 |    17 |    42 |    24 |    32 |    47 |    15 ||   178
  Dodge: Dodged            |    12 |    70 |    67 |   118 |   254 |   186 |   273 |   280 |   209 ||  1469
         Repelled          |       |       |     1 |     1 |     5 |     1 |       |       |       ||     8
  Block: Other             |       |       |    14 |    26 |    56 |    40 |    55 |    49 |    26 ||   266
         Reflection        |       |       |     2 |     3 |     5 |    16 |    10 |     5 |       ||    41

Levels and vault maps discovered:
D:1:      lightli_arrival_isolated_outpost, layout_basic, serial_park_tiny_2,
          minmay_misc_feat_x
D:2:      layout_loops_ring, uniq_crazy_yiuf_cottage
D:3:      layout_basic, serial_rivers, chequers_serial_rivers_micro_c,
          chequers_serial_rivers_room_a, chequers_serial_rivers_micro_c,
          chequers_serial_rivers_micro_b, chequers_serial_rivers_small_3,
          chequers_serial_rivers_micro_b, serial_shops, nicolae_shop_waterfront
D:4:      layout_rooms, enter_ossuary_5, chequers_mini_garden,
          uniq_blork_the_orc
D:5:      layout_loops_corners, kennysheep_nondescript
D:6:      layout_loops_cross, chequers_temple_overflow_minitemple,
          lemuel_temple_firewalk_b, gup_sewer_entry_spiral, uniq_sigmund
D:7:      layout_loops_corners, minmay_ruined_shrine, uniq_joseph, uniq_maggie
D:8:      layout_cave_pools, uniq_erica
D:9:      layout_irregular_city, lemuel_round_altar, serial_shops,
          nicolae_shop_statue_plus, nicolae_shop_crystal,
          nicolae_shop_mannequins, nicolae_shop_tiny_statue_garden,
          chequers_serial_rivers_small_3
D:10:     layout_loops_cross, nicolae_vehumet_altar_sigil
D:11:     layout_basic, hellmonk_lair_entry_icy, gammafunk_ghost_grave,
          serial_shops, nicolae_shop_rolling_square, hangedman_minor_magic
D:12:     layout_roguey, kennysheep_orc_monster_closet_entryway, serial_shops,
          shop, nicolae_shop_tiny_statue_garden, ebering_ghost_inner_flame,
          wad_mini_maze, uniq_lodul
D:13:     layout_irregular_city, gammafunk_ghost_split
D:14:     layout_basic, ximxim_vaults_locker_room, small_statue_alley_a,
          serial_bayou_crossing
D:15:     grunt_enter_depths_giant_problem, layout_small_grid,
          nicolae_eternal_life, corner_web_ring, bh_walls_and_bars
Temple:   bh_familiar_temple
Lair:1:   layout_hall_layers, serial_forest, infiniplex_forest_clump_small,
          infiniplex_forest_clump_large, infiniplex_forest_end_2,
          infiniplex_forest_clump_curved, infiniplex_forest_clump_long,
          infiniplex_forest_corner_2, infiniplex_forest_clump_long,
          infiniplex_forest_straight_3, infiniplex_forest_clump_tiny,
          nicolae_volcano_entry_hallway, dreamdust_mushroom_princess
Lair:2:   minmay_lair_oklob_tunnel, layout_regular_city, dummy_snake_entry,
          grunt_megastairs_3
Lair:3:   layout_hall_layers, elwin_shoals_entry_rooms,
          infiniplex_staircase_pool_2, uniq_amaemon
Lair:4:   layout_loops_ring, slime_entry_1, basic_altar, beast_lair_carwin_3
Lair:5:   grunt_lair_end_beastmaster, layout_loops_ring, portal_ice_cave_rime
Shoals:1: layout_shoals, nicolae_shoals_water_shrine, uniq_josephine,
          uniq_frances
Shoals:2: layout_shoals, uniq_mlioglotl, uniq_polyphemus, uniq_aizul
Shoals:3: layout_shoals, ebering_ghost_disaster_area, nzn_prometheus_bound
Shoals:4: shoals_end_grunt_garden, layout_shoals, ldierk_geyser,
          nicolae_shop_gadgets
Snake:1:  layout_onion_interference
Snake:2:  layout_layer_cave, nicolae_snake_salamander_stairs,
          serial_bayou_shore_a, uniq_louise
Snake:3:  layout_concentric_octagons, nicolae_shop_sticking_my_neck_out,
          uniq_nikola, uniq_azrael, uniq_donald
Snake:4:  snake_pit, layout_onion, basic_altar, special_room, serial_shops,
          freezing_bzr, minmay_shop_star, uniq_vashnia
Orc:1:    lemuel_ogre_cave, layout_caves, nicolae_orc_crystal_geode,
          uniq_jorgrun
Orc:2:    st_orc_open, layout_caves, serial_shops, shop, shop, shop,
          nicolae_shop_behind_doors, basic_altar, abandoned_shop, uniq_rupert
Elf:1:    eino_elf_arrival_sip, layout_geoelf_octagon, serial_aquarium,
          aquarium_bridge_straight [aquarium_subvault_bridge,
          aquarium_subvault_wall, aquarium_subvault_bridge,
          aquarium_subvault_wall], aquarium_window_1, aquarium_window_1,
          aquarium_window_1, aquarium_view_2a, aquarium_balcony_double_2,
          aquarium_pool_2, lightli_enter_wizlab_magi_temple,
          ebering_dispersal_statue_hall
Elf:2:    nicolae_elf_blades_splatter_lattice [nicolae_blade_bullseye],
          layout_geoelf_diagonals, serial_shops, nicolae_shop_behind_doors
Elf:3:    minmay_elf_hall_curves, layout_geoelf_castle, serial_corexii_hall,
          corexii_hall_statues_u, corexii_hall_statues_i
Vaults:1: v_misc_8, nicolae_vaults_cornered_office, vaults_room_fancy_cross,
          st_squares, grunt_vaults_swirl, vaults_room_boxed,
          nicolae_vaults_shrinking_rooms_2, vaults_mumra_hex,
          nicolae_vaults_closet_pinwheel_2, layout_vaults_maze_snakey,
          uniq_asterion
Vaults:2: serial_ice_h, v_misc_24, v_pattern_2, hangedman_vaults_stream,
          v_misc_5, v_misc_1, hangedman_vaults_nodes, v_misc_13,
          minmay_crypt_entry_simple_walls, nicolae_vaults_specimen_jars,
          vaults_room_pools, layout_vaults_ring
Vaults:3: nicolae_vaults_diagonal_hallway_8, vaults_room_large_hall,
          vaults_room_semicircle, vaults_standard_mumra_lines,
          nicolae_vaults_rhombus_6, ontoclasm_vaults_misaligned,
          nicolae_vaults_network_square, ontoclasm_vaults_idyll,
          ontoclasm_vaults_fault, nicolae_vaults_tetromino_T_2,
          vaults_dpeg_hooks, layout_vaults_big_cross, serial_shops, shop
Vaults:4: nicolae_vaults_diamond_1, nicolae_vaults_quartermaster, v_misc_11,
          nicolae_vaults_surprise_closet, ontoclasm_vaults_ligature,
          nicolae_vaults_turnstiles, ontoclasm_vaults_chip,
          nicolae_vaults_sesquioval_fish, nicolae_vaults_more_shelving_1,
          nicolae_vaults_diamond_1, nicolae_vaults_ring_of_whatevers,
          layout_vaults_omnigrid
Vaults:5: serial_shops, uniq_margery
Crypt:1:  layout_misc_corridors, st_stairs_1
Crypt:2:  layout_regular_city, hangedman_feature_mirror, uniq_boris
Crypt:3:  lightli_unholy_cathedral, layout_chaotic_city,
          tomb_entry_forgotten_bobbens, grunt_megastairs_5, uniq_sojobo
Depths:1: layout_cave_shapes, enter_ziggurat_e, rand_demon_pan_entry_8,
          hell_entry, hellmonk_ghost_happy_afterlife, okawaru_ov_weapons_minmay,
          minmay_crystal_box, uniq_saint_roka
Depths:2: kennysheep_room_grid, layout_cave_shapes, grunt_hell_entry_dis_grunt,
          minmay_misc_feat_four_crosses, rand_demon_pan_entry_4, moated_statue,
          kennysheep_random_hallway, minmay_staircase_bubble
Depths:3: nicolae_moon_pools, layout_gridlike, abyss_entry_flame_altar,
          chequers_serial_rivers_room_b, hell_entry, serial_bayou_shore_b,
          minmay_staircase_windowed_large, firewood_loft, uniq_josephina
Depths:4: evilmike_zot_entry_gauntlet, layout_basic, minmay_misc_feat_pillars,
          hell_entry, corexii_corridor_pit
Zot:1:    layout_cellular_growth
Zot:2:    layout_gridlike
Zot:3:    kennysheep_oblong_rooms, layout_basic
Zot:4:    layout_misc_corridors, bh_zot_ikea_curve, nicolae_transmutations_shop,
          grunt_ministairs_5, drop_trap, evilmike_ambush
          [evilmike_ambush_outer_corners, evilmike_ambush_inner_wall_2]

Notes
Turn   | Place    | Note
-------+----------+-------------------------------------------
     0 | D:1      | Sobieck the Deep Elf Hunter began the quest for the Orb.
     0 | D:1      | Reached XP level 1. HP: 12/12 MP: 3/3
   117 | D:1      | Reached XP level 2. HP: 17/17 MP: 4/4
   165 | D:1      | You pick up a book of Dangerous Friends and begin
                  | reading...
   165 | D:1      | You add the spells Summon Guardian Golem, Orb of
                  | Destruction and Spellforged Servitor to your library.
   539 | D:1      | Reached skill level 2 in Fighting
   572 | D:1      | Reached skill level 3 in Dodging
   809 | D:2      | You pick up a book of Minor Magic and begin reading...
   809 | D:2      | You add the spells Magic Dart, Call Imp and Mephitic Cloud
                  | to your library.
   827 | D:2      | Reached skill level 6 in Ranged Weapons
   827 | D:2      | Reached XP level 3. HP: 21/21 MP: 5/5
  1250 | D:2      | You pick up a book of Armaments and begin reading...
  1250 | D:2      | You add the spells Stone Arrow, Animate Armour and
                  | Lehudib's Crystal Spear to your library.
  1416 | D:2      | Found a runed translucent door.
  1417 | D:2      | Noticed Crazy Yiuf
  1583 | D:2      | Reached XP level 4. HP: 25/26 MP: 6/6
  1688 | D:3      | Found Haesiw's Assorted Antiques.
  1696 | D:3      | Bought a scroll labelled DUTRIA GEBY for 19 gold pieces
  1696 | D:3      | Bought a bubbling emerald potion for 17 gold pieces
  1696 | D:3      | Bought a bubbling emerald potion for 17 gold pieces
  2346 | D:4      | Noticed a scorpion
  2363 | D:4      | Killed a scorpion
  2364 | D:4      | Reached skill level 7 in Ranged Weapons
  2364 | D:4      | Reached skill level 4 in Dodging
  2364 | D:4      | Reached XP level 5. HP: 18/31 MP: 7/7
  2394 | D:4      | Found a sand-covered staircase.
  2398 | Ossuary  | Entered an ossuary
  2460 | Ossuary  | Reached XP level 6. HP: 32/36 MP: 8/8
  2493 | Ossuary  | Reached skill level 3 in Fighting
  2493 | Ossuary  | Reached skill level 8 in Ranged Weapons
  2626 | Ossuary  | Reached skill level 5 in Dodging
  2626 | Ossuary  | Reached XP level 7. HP: 41/41 MP: 9/9
  2716 | Ossuary  | Reached skill level 9 in Ranged Weapons
  2885 | D:3      | Identified a scroll of acquirement
  2885 | D:3      | Acquired a +0 triple crossbow of freezing
  2943 | D:4      | Noticed Blork the orc
  3287 | D:4      | Killed Blork the orc
  3468 | D:5      | Entered Level 5 of the Dungeon
  3934 | D:5      | Reached skill level 4 in Fighting
  3941 | D:5      | Reached skill level 10 in Ranged Weapons
  3960 | D:5      | Reached skill level 6 in Dodging
  3960 | D:5      | Reached XP level 8. HP: 48/48 MP: 10/10
  4173 | D:3      | Bought a dented platinum amulet for 95 gold pieces
  4661 | D:6      | You pick up a book of Necromancy and begin reading...
  4661 | D:6      | You add the spells Necrotise, Vampiric Draining and Agony
                  | to your library.
  4688 | D:6      | Noticed Sigmund
  4689 | D:6      | Killed Sigmund
  4733 | D:6      | Found a staircase to the Ecumenical Temple.
  4742 | Temple   | Entered the Ecumenical Temple
  4893 | Temple   | Became a worshipper of Hepliaklqana the Forgotten
  5032 | D:6      | Reached skill level 11 in Ranged Weapons
  5185 | D:6      | Found a glowing drain.
  5189 | Sewer    | Entered a sewer
  5247 | Sewer    | Noticed Pargi
  5250 | Sewer    | Killed Pargi
  5468 | D:6      | Reached skill level 7 in Dodging
  5782 | D:6      | Found an ancient bone altar of Kikubaaqudgha.
  5782 | D:6      | Found a shimmering altar of Xom.
  5808 | D:6      | Found a glowing golden altar of the Shining One.
  5810 | D:6      | Found a faded altar of an unknown god.
  5812 | D:6      | Found a faded altar of an unknown god.
  5986 | D:7      | Reached skill level 5 in Fighting
  6134 | D:7      | Reached * piety under Hepliaklqana
  6184 | D:7      | Reached skill level 12 in Ranged Weapons
  6184 | D:7      | Reached XP level 9. HP: 48/48 MP: 11/11
  6246 | D:7      | Found an ancient bone altar of Kikubaaqudgha.
  6353 | D:7      | Noticed Joseph
  6358 | D:7      | Killed Joseph
  6359 | D:7      | Reached skill level 8 in Dodging
  6663 | D:7      | Reached skill level 13 in Ranged Weapons
  6746 | D:7      | Noticed Maggie
  6752 | D:7      | Killed Maggie
  6806 | D:7      | Identified a potion of experience
  6807 | D:7      | Reached skill level 18 in Ranged Weapons
  6807 | D:7      | Reached XP level 10. HP: 54/54 MP: 12/12
  6869 | D:7      | Reached skill level 6 in Fighting
  6956 | D:8      | Noticed Erica
  6961 | D:8      | Killed Erica
  6962 | D:8      | Reached skill level 9 in Dodging
  6979 | D:7      | Reached XP level 11. HP: 50/57 MP: 13/13
  7208 | D:8      | You pick up a book of Vapours and begin reading...
  7208 | D:8      | You add the spells Poisonous Vapours and Freezing Cloud to
                  | your library.
  7454 | D:9      | Reached ** piety under Hepliaklqana
  7457 | D:9      | Remembered your ancestor Xiuhtonal as a knight
  7651 | D:9      | Found Wyresal's Distillery.
  7657 | D:9      | Bought a potion of might for 60 gold pieces
  7657 | D:9      | Bought a potion of invisibility for 120 gold pieces
  7692 | D:9      | Found Uwa Hes's Weapon Emporium.
  7693 | D:9      | Noticed a +0 demon trident
  7703 | D:9      | Reached skill level 19 in Ranged Weapons
  7715 | D:9      | Noticed a +0 demon whip
  7822 | D:9      | Found Waledin's Distillery.
  7826 | D:9      | Bought a potion of lignification for 33 gold pieces
  7843 | D:9      | Found Upah's Magic Scroll Shop.
  7869 | D:9      | Reached skill level 7 in Fighting
  7869 | D:9      | Reached skill level 10 in Dodging
  7975 | D:9      | Found a glowing silver altar of Zin.
  8162 | D:10     | Entered Level 10 of the Dungeon
  8607 | D:10     | Noticed a two-headed ogre
  8612 | D:10     | Killed a two-headed ogre
  8612 | D:10     | Noticed a two-headed ogre
  8614 | D:10     | Killed a two-headed ogre
  8615 | D:10     | Reached skill level 8 in Fighting
  8655 | D:10     | Found a radiant altar of Vehumet.
  8821 | D:11     | Noticed a two-headed ogre
  8824 | D:11     | Killed a two-headed ogre
  8829 | D:11     | Reached *** piety under Hepliaklqana
  8877 | D:11     | Found Vouzi's Antique Armour Boutique.
  8883 | D:11     | Bought an ichor-stained leather armour for 140 gold pieces
  8883 | D:11     | Identified the +0 leather armour "Desack" {rElec rF- Int+2
                  | Dex+3} (You bought it in a shop on level 11 of the Dungeon)
  8975 | D:11     | Reached skill level 1 in Invocations
  9031 | D:11     | Found a staircase to the Lair.
  9040 | D:11     | Reached skill level 2 in Invocations
  9151 | D:11     | Reached skill level 9 in Fighting
  9211 | D:11     | Found a runed translucent door.
  9211 | D:11     | Noticed Onakli's ghost (journeyman DsFi)
  9429 | D:11     | Noticed a deep elf pyromancer
  9434 | D:11     | Reached XP level 12. HP: 68/68 MP: 15/15
  9567 | D:11     | You pick up a book of Minor Magic and begin reading...
  9569 | D:11     | You pick up a book of Minor Magic and begin reading...
  9941 | Lair:1   | Entered Level 1 of the Lair of Beasts
  9987 | Lair:1   | Reached skill level 3 in Invocations
 10177 | Lair:1   | Reached skill level 20 in Ranged Weapons
 10178 | Lair:1   | Reached skill level 4 in Invocations
 10179 | Lair:1   | Reached skill level 11 in Dodging
 10190 | Lair:1   | Reached **** piety under Hepliaklqana
 10256 | Lair:1   | Found a dark tunnel.
 10670 | Lair:2   | HP: 13/68 [wolf (7)]
 10852 | Lair:2   | Found a staircase to the Snake Pit.
 10893 | Lair:2   | You pick up a book of Lightning and begin reading...
 10893 | Lair:2   | You add the spells Vhi's Electric Charge, Arcjolt and
                  | Plasma Beam to your library.
 11077 | Lair:2   | Reached skill level 5 in Invocations
 11195 | Lair:2   | Identified the +9 morningstar of the People {heavy, Dex+6}
 11278 | Lair:2   | Reached ***** piety under Hepliaklqana
 11768 | Lair:3   | Reached XP level 13. HP: 73/73 MP: 19/19
 11839 | Lair:3   | Reached skill level 21 in Ranged Weapons
 11852 | Lair:3   | Reached skill level 10 in Fighting
 11857 | Lair:3   | Reached skill level 6 in Invocations
 11906 | Lair:3   | Reached skill level 12 in Dodging
 12111 | Lair:3   | Found a staircase to the Shoals.
 12250 | Lair:3   | Noticed Amaemon
 12260 | Lair:3   | Killed Amaemon
 12562 | Lair:4   | You pick up a book of Flames and begin reading...
 12562 | Lair:4   | You add the spells Inner Flame, Sticky Flame and Flame Wave
                  | to your library.
 12607 | Lair:4   | You add the spells Blink, Manifold Assault and Storm Form
                  | to your library.
 12624 | Lair:4   | You add the spells Ignite Poison and Ignition to your
                  | library.
 12649 | Lair:4   | Found a glowing golden altar of the Shining One.
 12822 | Lair:4   | Reached skill level 7 in Invocations
 12967 | Lair:4   | Reached skill level 22 in Ranged Weapons
 13291 | Lair:4   | Found a viscous altar of Jiyva.
 13292 | Lair:4   | Found a staircase to the Slime Pits.
 13339 | Lair:5   | Entered Level 5 of the Lair of Beasts
 13424 | Lair:4   | HP: 9/74 [cane toad (14)]
 13781 | Lair:5   | Reached XP level 14. HP: 79/79 MP: 21/21
 13806 | Lair:4   | Reached skill level 13 in Dodging
 13840 | Lair:5   | Reached skill level 8 in Invocations
 13848 | Lair:5   | Found a frozen archway.
 13849 | Lair:5   | You pick up a book of Dreams and begin reading...
 13849 | Lair:5   | You add the spells Ensorcelled Hibernation, Spider Form and
                  | Anguish to your library.
 14008 | Lair:5   | Acquired 470 gold pieces
 14398 | Lair:5   | Reached skill level 11 in Fighting
 14565 | Lair:5   | Reached skill level 23 in Ranged Weapons
 14849 | Lair:5   | Identified the ring of Minuhauly {rPois rN++ MP+9}
 15062 | D:12     | Identified the +1 flail "Depug" {flame, rPois rN+ Stlth+}
 15078 | D:12     | Reached skill level 9 in Invocations
 15088 | D:12     | Noticed Lodul
 15096 | D:12     | Killed Lodul
 15246 | D:12     | Found a runed translucent door.
 15246 | D:12     | Noticed a fire giant
 15247 | D:12     | Noticed GigaChad's ghost (journeyman FoFi)
 15611 | D:12     | Found Reokaa's Armour Boutique.
 15636 | D:12     | Found Maang's Assorted Antiques.
 15642 | D:12     | Bought a green potion for 24 gold pieces
 15838 | D:12     | Found a staircase to the Orcish Mines.
 15848 | D:12     | Reached skill level 14 in Dodging
 16180 | Orc:1    | Entered Level 1 of the Orcish Mines
 16322 | Orc:2    | Entered Level 2 of the Orcish Mines
 16322 | Orc:2    | Found Ejepn's General Store.
 16323 | Orc:2    | Noticed Rupert
 16349 | Orc:1    | Killed Rupert
 16382 | Orc:1    | Reached XP level 15. HP: 72/85 MP: 24/24
 16515 | Orc:2    | Reached skill level 24 in Ranged Weapons
 16587 | Orc:2    | Reached skill level 10 in Invocations
 16607 | Orc:2    | Found Cacs's Distillery.
 16610 | Orc:2    | Found Nanott's Antique Weapon Boutique.
 16633 | Orc:2    | Found Naunouv's Armour Boutique.
 16639 | Orc:2    | Found Laosorch's Antique Weapon Emporium.
 16663 | Orc:2    | Found Xoghiase's Antique Armour Shop.
 16664 | Orc:2    | Found Odearph's Magic Scroll Boutique.
 16694 | Orc:2    | Found a staircase to the Elven Halls.
 16792 | Orc:2    | Found Tuisy's Antique Weapon Shop.
 17070 | Orc:2    | Bought a +2 pair of boots of stealth for 322 gold pieces
 17080 | Orc:2    | Bought a potion of cancellation for 112 gold pieces
 17080 | Orc:2    | Bought a potion of might for 56 gold pieces
 17080 | Orc:2    | Bought a potion of haste for 140 gold pieces
 17080 | Orc:2    | Bought a potion of haste for 140 gold pieces
 17080 | Orc:2    | Bought 2 potions of curing for 84 gold pieces
 17080 | Orc:2    | Bought a potion of ambrosia for 112 gold pieces
 17148 | D:12     | Bought 2 potions of curing for 162 gold pieces
 17148 | D:12     | Bought a potion of invisibility for 216 gold pieces
 17237 | D:9      | Bought a potion of heal wounds for 75 gold pieces
 17237 | D:9      | Bought a potion of haste for 150 gold pieces
 17626 | D:13     | You add the spells Static Discharge, Dazzling Flash, Iron
                  | Shot and Necromutation to your library.
 17626 | D:13     | Got the Parchment of Trauma and Vicissitude
 17630 | D:13     | Found a runed translucent gate.
 17631 | D:13     | Found a runed translucent gate.
 17632 | D:13     | Noticed a fire giant
 17798 | D:13     | Found a runed translucent gate.
 17802 | D:13     | Noticed Naostoov's ghost (journeyman SpEn)
 18350 | D:14     | Reached ****** piety under Hepliaklqana
 18368 | D:14     | Reached skill level 12 in Fighting
 18368 | D:14     | Reached skill level 15 in Dodging
 18489 | D:14     | You pick up a book of the Moon and begin reading...
 18489 | D:14     | You add the spells Passage of Golubria and Silence to your
                  | library.
 18782 | D:14     | Reached skill level 25 in Ranged Weapons
 18849 | D:14     | Found a gate to the Vaults.
 19151 | D:15     | Entered Level 15 of the Dungeon
 19194 | D:15     | Identified the +6 whip "Jaijofan" {heavy, Int+2}
 19276 | D:15     | You pick up a book of Minor Magic and begin reading...
 19293 | D:15     | Found a staircase to the Depths.
 19340 | D:15     | You pick up a book of Touch and begin reading...
 19340 | D:15     | You add the spells Kiss of Death, Confusing Touch and
                  | Dispel Undead to your library.
 19395 | D:15     | Reached XP level 16. HP: 92/92 MP: 25/25
 20156 | Snake:1  | Entered Level 1 of the Snake Pit
 20199 | Snake:1  | Reached skill level 26 in Ranged Weapons
 20292 | Snake:1  | Reached skill level 13 in Fighting
 21024 | Snake:2  | Reached skill level 14 in Fighting
 21626 | Snake:2  | Identified a +0 robe of the Archmagi
 21799 | Snake:2  | Noticed Louise
 21812 | Snake:2  | Killed Louise
 22169 | Snake:3  | Found Awiozozo's Neck Hole.
 22264 | Snake:3  | Noticed Azrael
 22273 | Snake:3  | Killed Azrael
 22302 | Snake:3  | HP: 18/96 [salamander tyrant (42)]
 22304 | Snake:3  | Reached skill level 15 in Fighting
 22396 | Snake:3  | Reached skill level 2 in Stealth
 22445 | Snake:3  | Identified the +1 kite shield of Weightlessness {Int+4}
 22445 | Snake:3  | Noticed Donald
 22446 | Snake:3  | Killed Donald
 22583 | Snake:3  | Reached skill level 3 in Stealth
 22759 | Snake:3  | Bought a scarf of resistance for 416 gold pieces
 22881 | Snake:3  | Reached skill level 4 in Stealth
 23312 | Snake:3  | Noticed Nikola
 23482 | Snake:4  | Entered Level 4 of the Snake Pit
 23500 | Snake:4  | Reached skill level 5 in Stealth
 23500 | Snake:4  | Reached XP level 17. HP: 101/101 MP: 27/27
 23511 | Snake:4  | Reached skill level 11 in Invocations
 23582 | Snake:4  | Found Saikuo's Jewellery Boutique.
 23582 | Snake:4  | Found Ywkuzef's Antique Weapon Shop.
 23588 | Snake:4  | Found Nofon's Book Boutique.
 23701 | Snake:4  | Reached skill level 12 in Invocations
 23758 | Snake:4  | Noticed Vashnia
 23778 | Snake:4  | Killed Vashnia
 23904 | Snake:4  | Reached skill level 13 in Invocations
 23915 | Snake:4  | You pick up a book of Blood and begin reading...
 23915 | Snake:4  | You add the spells Sublimation of Blood, Wereblood and
                  | Summon Hydra to your library.
 23996 | Snake:4  | Found a shimmering altar of Xom.
 24090 | Snake:4  | Identified the +1 short sword of the Land of Plenty {heavy,
                  | rElec rC+ rN+ Int+3 Dex-3}
 24093 | Snake:4  | Reached skill level 14 in Invocations
 24128 | Snake:4  | Found a flickering gateway to a bazaar.
 24255 | Bazaar   | Entered a bazaar
 24269 | Bazaar   | Found Hugi's Antique Armour Shoppe.
 24289 | Bazaar   | Found Ugirch's Magic Scroll Shoppe.
 24289 | Bazaar   | Found Bolu's Armour Emporium.
 24492 | Snake:4  | Got a serpentine rune of Zot
 24866 | Elf:1    | Entered Level 1 of the Elven Halls
 25073 | Elf:1    | Reached skill level 16 in Dodging
 25548 | Elf:1    | Reached skill level 17 in Dodging
 25799 | Shoals:1 | Entered Level 1 of the Shoals
 25873 | Shoals:1 | You pick up a book of Iron and begin reading...
 25875 | Shoals:1 | Noticed Josephine
 25877 | Shoals:1 | Killed Josephine
 25903 | Shoals:1 | Noticed Frances
 25909 | Shoals:1 | Killed Frances
 25915 | Shoals:1 | You pick up a book of Unlife and begin reading...
 25915 | Shoals:1 | You add the spells Animate Dead, Borgnjor's Vile Clutch and
                  | Death Channel to your library.
 25950 | Shoals:1 | You pick up a book of the Senses and begin reading...
 25957 | Shoals:1 | Learned a level 5 spell: Borgnjor's Vile Clutch
 25997 | Shoals:1 | Reached skill level 1 in Spellcasting
 26057 | Shoals:1 | Reached skill level 1 in Necromancy
 26057 | Shoals:1 | Reached skill level 1 in Earth Magic
 26121 | Shoals:1 | Reached skill level 2 in Spellcasting
 26127 | Shoals:1 | Reached skill level 2 in Necromancy
 26127 | Shoals:1 | Reached XP level 18. HP: 89/107 MP: 30/30
 26137 | Shoals:1 | Reached skill level 2 in Earth Magic
 26878 | Shoals:2 | You pick up a book of Sloth and begin reading...
 26878 | Shoals:2 | You add the spells Petrify, Metabolic Englaciation and
                  | Statue Form to your library.
 26904 | Shoals:2 | Noticed Aizul
 26912 | Shoals:2 | Reached skill level 3 in Necromancy
 26913 | Shoals:2 | Noticed Polyphemus
 27116 | Shoals:2 | Killed Aizul
 27122 | Shoals:2 | Reached skill level 3 in Earth Magic
 27129 | Shoals:2 | Killed Polyphemus
 27221 | Shoals:2 | Reached skill level 18 in Dodging
 27265 | Shoals:2 | Reached skill level 4 in Necromancy
 27271 | Shoals:2 | Reached skill level 4 in Earth Magic
 27327 | Shoals:2 | Noticed Mlioglotl
 27387 | Shoals:2 | Reached skill level 5 in Necromancy
 27396 | Shoals:2 | Killed Mlioglotl
 27397 | Shoals:2 | Reached skill level 5 in Earth Magic
 27879 | Shoals:3 | Reached skill level 3 in Spellcasting
 28079 | Shoals:3 | Reached skill level 4 in Spellcasting
 28079 | Shoals:3 | Reached skill level 6 in Necromancy
 28123 | Shoals:3 | Reached skill level 7 in Necromancy
 28149 | Shoals:3 | Identified the +9 spear "Motom" {spect, Dex+3 Stlth+}
 28205 | Shoals:3 | Found a large runed translucent door.
 28205 | Shoals:3 | Found a large runed translucent door.
 28206 | Shoals:3 | Noticed suduhmizer's ghost (adept TrGl)
 28240 | Shoals:3 | Reached skill level 8 in Necromancy
 28285 | Shoals:3 | You pick up a book of Fire and begin reading...
 28285 | Shoals:3 | You add the spells Foxfire, Fireball and Starburst to your
                  | library.
 28768 | Shoals:3 | Reached skill level 6 in Earth Magic
 28884 | Shoals:4 | Entered Level 4 of the Shoals
 29009 | Shoals:4 | Reached skill level 7 in Earth Magic
 29045 | Shoals:4 | Reached skill level 5 in Spellcasting
 29051 | Shoals:4 | HP: 25/107 [satyr/arrow (35)]
 29052 | Shoals:4 | HP: 1/107 [satyr/arrow (25)]
 29161 | Shoals:4 | Reached skill level 6 in Spellcasting
 29439 | Shoals:4 | Reached skill level 9 in Necromancy
 29553 | Shoals:4 | Found Terhonn's Gadget Gallery.
 29577 | Shoals:4 | Reached skill level 10 in Necromancy
 29856 | Shoals:4 | Got a barnacled rune of Zot
 29861 | Shoals:4 | You pick up a book of Beasts and begin reading...
 29861 | Shoals:4 | You add the spells Summon Ice Beast, Summon Mana Viper and
                  | Monstrous Menagerie to your library.
 29893 | Shoals:4 | Reached skill level 8 in Earth Magic
 30536 | Vaults:1 | Entered Level 1 of the Vaults
 30546 | Vaults:1 | Reached XP level 19. HP: 53/111 MP: 28/31
 30547 | Vaults:1 | Reached skill level 9 in Earth Magic
 30827 | Vaults:1 | Reached skill level 11 in Necromancy
 30987 | Vaults:1 | Reached skill level 12 in Necromancy
 31080 | Vaults:1 | You pick up a book of Death and begin reading...
 31080 | Vaults:1 | You add the spells Haunt and Infestation to your library.
 31162 | Vaults:1 | Reached skill level 7 in Spellcasting
 31220 | Vaults:1 | Reached skill level 8 in Spellcasting
 31288 | Vaults:1 | Reached skill level 10 in Earth Magic
 31288 | Vaults:1 | Noticed Asterion
 31318 | Vaults:1 | HP: 24/111 [ironbound frostheart/creeping frost[a vault
                  | warden] (13)]
 31678 | Vaults:1 | Gained mutation: You have hidden genetic defects. [a
                  | cacodemon]
 31679 | Vaults:1 | Killed Asterion
 31683 | Vaults:1 | Lost mutation: You have hidden genetic defects. [potion of
                  | mutation]
 31683 | Vaults:1 | Gained mutation: You have hidden genetic defects. [potion
                  | of mutation]
 31684 | Vaults:1 | Lost mutation: You have hidden genetic defects. [potion of
                  | mutation]
 31684 | Vaults:1 | Gained mutation: You do not regenerate when monsters are
                  | visible. [potion of mutation]
 31684 | Vaults:1 | Gained mutation: You are partially covered in large bone
                  | plates. (SH +4) [potion of mutation]
 31812 | Vaults:1 | You add the spells Portal Projectile and Discord to your
                  | library.
 31812 | Vaults:1 | Got the Exposition on Bewitchment
 31817 | Vaults:1 | Learned a level 3 spell: Portal Projectile
 31836 | Vaults:1 | Reached skill level 11 in Earth Magic
 31841 | Vaults:1 | Reached skill level 1 in Hexes
 31877 | Vaults:1 | Reached skill level 2 in Hexes
 32123 | Vaults:1 | Learned a level 4 spell: Anguish
 32228 | Vaults:2 | Reached skill level 3 in Hexes
 32419 | Vaults:2 | Reached skill level 4 in Hexes
 32628 | Vaults:2 | Reached skill level 5 in Hexes
 32661 | Vaults:2 | Found a staircase to the Crypt.
 32772 | Vaults:2 | Reached skill level 12 in Earth Magic
 32871 | Vaults:2 | Reached skill level 6 in Hexes
 32908 | Vaults:2 | Reached skill level 7 in Hexes
 32941 | Vaults:2 | Reached skill level 8 in Hexes
 33106 | Vaults:2 | Reached skill level 9 in Hexes
 33126 | Vaults:2 | Reached XP level 20. HP: 116/116 MP: 34/34
 33288 | Vaults:2 | Reached skill level 10 in Hexes
 33515 | Vaults:3 | You are sucked into a shaft and drop 1 floor!
 33523 | Vaults:4 | Reached skill level 11 in Hexes
 33595 | Vaults:4 | You pick up a book of Beasts and begin reading...
 33682 | Vaults:3 | Found the macabre finger necklace {Finger+ rN+}
 33804 | Vaults:3 | Reached skill level 12 in Hexes
 34205 | Vaults:3 | You pick up a book of Decay and begin reading...
 34271 | Vaults:3 | Reached skill level 13 in Hexes
 34494 | Vaults:3 | Found Baloiphuugg's Weapon Shoppe.
 34707 | Vaults:4 | You pick up a book of Spatial Translocations and begin
                  | reading...
 34707 | Vaults:4 | You add the spells Momentum Strike and Lesser Beckoning to
                  | your library.
 34732 | Vaults:4 | Reached skill level 14 in Hexes
 35132 | Vaults:4 | Reached skill level 15 in Hexes
 35205 | Vaults:4 | Lost mutation: You do not regenerate when monsters are
                  | visible. [potion of mutation]
 35205 | Vaults:4 | Lost mutation: You are partially covered in large bone
                  | plates. (SH +4) [potion of mutation]
 35205 | Vaults:4 | Gained mutation: You are strong-willed. (Will+) [potion of
                  | mutation]
 35205 | Vaults:4 | Gained mutation: You have a pair of small horns on your
                  | head. [potion of mutation]
 35205 | Vaults:4 | Gained mutation: You have supernaturally acute eyesight.
                  | (SInv) [potion of mutation]
 35205 | Vaults:4 | Gained mutation: Your muscles are strong. (Str +4, Int/Dex
                  | -1) [potion of mutation]
 35405 | Vaults:4 | Reached skill level 16 in Hexes
 35647 | Vaults:4 | HP: 12/116 [yaktaur captain/bolt (45)]
 35751 | Vaults:4 | Reached skill level 17 in Hexes
 36057 | Vaults:4 | Learned a level 8 spell: Discord
 36262 | Depths:1 | Entered Level 1 of the Depths
 36558 | Snake:4  | Bought a book of Misfortune for 720 gold pieces
 36558 | Snake:4  | You pick up a book of Misfortune and begin reading...
 36558 | Snake:4  | You add the spells Yara's Violent Unravelling and Enfeeble
                  | to your library.
 36566 | Snake:4  | Learned a level 7 spell: Enfeeble
 36572 | Snake:4  | Learned a level 5 spell: Yara's Violent Unravelling
 36843 | Depths:1 | Reached skill level 1 in Translocations
 36843 | Depths:1 | Reached skill level 1 in Transmutations
 36856 | Depths:1 | Found a gateway to Hell.
 36934 | Depths:1 | Found an iron altar of Okawaru.
 36946 | Depths:1 | Reached skill level 2 in Translocations
 36946 | Depths:1 | Reached skill level 2 in Transmutations
 36975 | Depths:1 | HP: 29/116 [deep troll shaman (33)]
 36977 | Depths:1 | HP: 7/116 [deep troll shaman (14)]
 37151 | Depths:1 | Found a runed translucent door.
 37152 | Depths:1 | You pick up a book of Vapours and begin reading...
 37175 | Depths:1 | Reached skill level 3 in Translocations
 37175 | Depths:1 | Reached skill level 3 in Transmutations
 37215 | Depths:1 | Found a one-way gateway to a ziggurat.
 37222 | Depths:1 | Noticed Saint Roka
 37240 | Depths:1 | Killed Saint Roka
 37241 | Depths:1 | Reached XP level 21. HP: 85/120 MP: 24/35
 37456 | Depths:1 | Found a runed translucent door.
 37457 | Depths:1 | Noticed WeeknightWizard's ghost (veteran DEFE)
 37584 | Depths:1 | Found a one-way gate leading to the halls of Pandemonium.
 37747 | Depths:2 | Reached skill level 18 in Hexes
 37747 | Depths:2 | Reached skill level 4 in Translocations
 37747 | Depths:2 | Reached skill level 4 in Transmutations
 38298 | Depths:2 | Reached skill level 5 in Transmutations
 38370 | Depths:2 | Reached skill level 5 in Translocations
 38392 | Depths:2 | Could not pick up +0 shadow dragon scales {rare} here;
                  | ([A]lways) ignore it?
 38415 | Depths:2 | You add the spells Borgnjor's Revivification and Death's
                  | Door to your library.
 38565 | Depths:2 | Reached skill level 19 in Hexes
 38990 | Depths:3 | Reached skill level 20 in Hexes
 39150 | Depths:3 | Found a corrupted altar of Lugonu.
 39150 | Depths:3 | Found a one-way gate to the infinite horrors of the Abyss.
 39617 | Depths:3 | You pick up a book of Vapours and begin reading...
 39825 | Depths:4 | Entered Level 4 of the Depths
 39952 | Depths:4 | Reached skill level 21 in Hexes
 40623 | Depths:3 | Identified the +7 quarterstaff "Gauci" {flame, rPois Str+3
                  | Dex-4 Stlth+}
 40744 | Depths:4 | Reached skill level 22 in Hexes
 41005 | Depths:4 | You pick up a book of Dreams and begin reading...
 41439 | Depths:4 | Noticed a golden dragon
 41444 | Depths:4 | Killed a golden dragon
 41491 | Depths:4 | Reached skill level 23 in Hexes
 41491 | Depths:4 | Reached XP level 22. HP: 126/126 MP: 36/36
 41553 | Depths:4 | +0 storm dragon scales {rare}; a storm dragon corpse
 41564 | Depths:4 | +0 storm dragon scales {rare}; a storm dragon corpse
 41587 | Depths:4 | +0 storm dragon scales {rare}; a storm dragon corpse
 41610 | Depths:4 | +0 storm dragon scales {rare}; a storm dragon corpse
 41647 | Depths:4 | +0 storm dragon scales {rare}; a storm dragon corpse
 41660 | Depths:4 | Found a gate to the Realm of Zot.
 41690 | Depths:4 | +0 storm dragon scales {rare}; a storm dragon skeleton
 41690 | Depths:4 | +0 storm dragon scales {rare}; a storm dragon skeleton
 41690 | Depths:4 | Could not pick up +0 storm dragon scales {rare} here;
                  | ([A]lways) ignore it?
 42109 | Snake:4  | Bought the ring "Vanich" {rF++ rN+ rCorr Str+2 Stlth+} for
                  | 742 gold pieces
 42480 | Crypt:1  | Entered Level 1 of the Crypt
 42487 | Crypt:1  | Noticed a curse skull
 42494 | Crypt:1  | Killed a curse skull
 43021 | Crypt:1  | Reached skill level 24 in Hexes
 43531 | Crypt:2  | Found an ancient bone altar of Kikubaaqudgha.
 43594 | Crypt:2  | Noticed a curse skull
 43645 | Crypt:2  | HP: 31/126 [rockslime zombie (12)]
 43756 | Crypt:2  | Noticed Boris
 43768 | Crypt:1  | Killed Boris
 43946 | Crypt:1  | Killed a curse skull
 44005 | Crypt:1  | Reached skill level 19 in Dodging
 44499 | Crypt:2  | You pick up a book of Alchemy and begin reading...
 44572 | Crypt:2  | Found a basalt altar of Yredelemnul.
 44926 | Crypt:2  | Noticed a curse skull
 44931 | Crypt:2  | Killed a curse skull
 44944 | Crypt:3  | Entered Level 3 of the Crypt
 44944 | Crypt:3  | Found a staircase to the Tomb.
 45027 | Crypt:3  | Got the Verses on Fascination
 45050 | Crypt:3  | Reached skill level 20 in Dodging
 45163 | Crypt:3  | Noticed Sojobo
 45169 | Crypt:3  | Noticed a curse skull
 45172 | Crypt:3  | Killed a curse skull
 45184 | Crypt:3  | Reached skill level 9 in Spellcasting
 45188 | Crypt:3  | Killed Sojobo
 45455 | Crypt:3  | Reached skill level 10 in Spellcasting
 45650 | Crypt:3  | Reached skill level 11 in Spellcasting
 45761 | Crypt:3  | Reached skill level 12 in Spellcasting
 46212 | Crypt:3  | HP: 20/126 [profane servitor/+1 whip (14)]
 46213 | Crypt:3  | HP: 9/126 [jiangshi (12)]
 46344 | Crypt:3  | Reached skill level 21 in Dodging
 46350 | Crypt:3  | Noticed a curse toe
 46351 | Crypt:3  | Reached XP level 23. HP: 123/129 MP: 30/41
 46386 | Crypt:3  | Killed a curse toe
 46487 | Crypt:3  | Found a basalt altar of Yredelemnul.
 46497 | Crypt:3  | Found an ancient bone altar of Kikubaaqudgha.
 46544 | Crypt:3  | Got the Textbook on the Salvo and Gusts
 46545 | Crypt:3  | Identified the staff of cold "Ecuudoda" {rElec rC+ Dex+2}
 46552 | Crypt:3  | Identified the +5 plate armour of Fisatymy {rElec Dex+3}
 46598 | Crypt:3  | Got Ucsoxzuumu's Elucidation of the Morgue
 46599 | Crypt:3  | Identified the staff of death "Bunieb" {rN+ Str+6}
 46609 | Crypt:3  | Identified the +0 leather armour of the Illusory Gods {rC+
                  | Dex+2}
 46617 | Crypt:3  | Could not pick up a +2 vampiric quick blade {shortrare=g}
                  | here; ([A]lways) ignore it?
 47863 | Elf:2    | Reached skill level 22 in Dodging
 48018 | Elf:2    | Found a runed translucent gate.
 48018 | Elf:2    | Found a runed translucent gate.
 48018 | Elf:2    | Found a runed translucent gate.
 48306 | Elf:2    | Found Vityd's Armour Emporium.
 48484 | Elf:3    | Entered Level 3 of the Elven Halls
 48864 | Elf:3    | Reached skill level 23 in Dodging
 49672 | Elf:3    | Identified the ring of the Circus Animal {rElec MP+9 Str+6
                  | Int-2}
 49728 | Elf:3    | Identified the +7 triple sword of Circularity {heavy, Will+
                  | SInv}
 49728 | Elf:3    | a deep elf death mage comes into view. It is wielding the
                  | +7 triple sword of Circularity {heavy, Will+ SInv} and
                  | wearing the ring of the Tortoise {AC+8}.
 49730 | Elf:3    | Aim: a deep elf death mage, wielding the +7 triple sword of
                  | Circularity {heavy, Will+ SInv}, wearing a +0 leather
                  | armour and wearing the ring of the Tortoise {AC+8} (will
                  | inflict weakness and antimagic, chance to daze and blind:
                  | 15%)
 49730 | Elf:3    | Aim: a deep elf death mage, wielding the +7 triple sword of
                  | Circularity {heavy, Will+ SInv}, wearing a +0 leather
                  | armour and wearing the ring of the Tortoise {AC+8} (will
                  | inflict weakness and antimagic, chance to daze and blind:
                  | 15%)
 49956 | Elf:3    | Identified the +11 falchion "Ogrebane" {drain, rF+ Will++
                  | Int-5}
 49956 | Elf:3    | Identified the ring of Ofahit Laraf {Wiz Int+3}
 50039 | Elf:3    | Could not pick up a +0 quick blade {shortrare=g}, a +0
                  | quick blade {shortrare=g}, a ring of magical power and a
                  | staff of fire {!astaff} here; ([A]lways) ignore them?
 50054 | Elf:3    | Could not pick up the +7 triple sword of Circularity
                  | {heavy, Will+ SInv, longrare=g} here; ([A]lways) ignore it?
 50054 | Elf:3    | Could not pick up the +7 triple sword of Circularity
                  | {heavy, Will+ SInv, longrare=g} here; ([A]lways) ignore it?
 50054 | Elf:3    | Could not pick up the +7 triple sword of Circularity
                  | {heavy, Will+ SInv, longrare=g} here; ([A]lways) ignore it?
 50195 | Elf:3    | Reached skill level 24 in Dodging
 50219 | Elf:3    | Identified the +0 scimitar "Cariefun" {elec, rElec rF-
                  | rCorr Dex+4}
 50234 | Elf:3    | Identified the +5 executioner's axe "Fisuchin" {heavy,
                  | rElec rC+ Str-4 Int+2}
 50234 | Elf:3    | Identified the ring "Kosam" {Contam rElec rF+++ Str+6
                  | Stlth-}
 50242 | Elf:3    | W - the +5 executioner's axe "Fisuchin" {heavy, rElec rC+
                  | Str-4 Int+2, axerare=g}
 50243 | Elf:3    | You drop the +5 executioner's axe "Fisuchin" {heavy, rElec
                  | rC+ Str-4 Int+2, axerare=g}.
 50277 | Elf:3    | Identified the +10 chain mail "Cetzijel" {rElec}
 50385 | Elf:3    | the +5 executioner's axe "Fisuchin" {heavy, rElec rC+ Str-4
                  | Int+2, axerare=g}; a +0 leather armour of fire resistance
 50385 | Elf:3    | the +5 executioner's axe "Fisuchin" {heavy, rElec rC+ Str-4
                  | Int+2, axerare=g}; a +0 leather armour of fire resistance
 50385 | Elf:3    | Could not pick up the +5 executioner's axe "Fisuchin"
                  | {heavy, rElec rC+ Str-4 Int+2, axerare=g} here; ([A]lways)
                  | ignore it?
 50546 | Elf:3    | Got Lychie's Excursus on the Oath
 50548 | Elf:3    | You pick up a book of Winter and begin reading...
 50548 | Elf:3    | You add the spells Ozocubu's Armour and Simulacrum to your
                  | library.
 50551 | Elf:3    | Got Wihup's Book of Rime
 50573 | Elf:3    | Got Xoluiwan's Grimoire of the Viridian Tropics
 50577 | Elf:3    | You pick up a book of Necromancy and begin reading...
 50581 | Elf:3    | You pick up a book of Minor Magic and begin reading...
 50584 | Elf:3    | Identified the staff of cold "Edasel" {rC+ Str+6}
 50588 | Elf:3    | You pick up a book of Weapons and begin reading...
 51075 | Vaults:5 | Entered Level 5 of the Vaults
 51101 | Vaults:5 | Noticed a dread lich
 51105 | Vaults:5 | Killed a dread lich
 51518 | Vaults:5 | Reached skill level 25 in Dodging
 51790 | Vaults:5 | Identified the +4 falchion of Precise Incision {drain,
                  | rElec rPois}
 51938 | Vaults:5 | Noticed a dread lich
 51949 | Vaults:5 | Killed a dread lich
 52058 | Vaults:5 | You add the spells Hailstorm and Volatile Blastmotes to
                  | your library.
 52058 | Vaults:5 | Got the Excursus on Injurious Elsewhere
 52093 | Vaults:5 | You pick up a book of Party Tricks and begin reading...
 52093 | Vaults:5 | You add the spells Apportation and Alistair's Intoxication
                  | to your library.
 52094 | Vaults:5 | Identified the +4 ring mail of Dishonour {rPois Dex+4}
 52256 | Vaults:5 | Reached XP level 24. HP: 135/135 MP: 41/41
 52361 | Vaults:5 | Identified the +0 arbalest "Jimpal" {penet, Str+2} (You
                  | took it off a vault guard on level 5 of the Vaults)
 52459 | Vaults:5 | Identified the +1 scale mail of the Immovable Runes {rF++
                  | Will-}
 52599 | Vaults:5 | Reached skill level 26 in Dodging
 52775 | Vaults:5 | You pick up a book of Transfigurations {@e2} and begin
                  | reading...
 52785 | Vaults:5 | You pick up a book of Burglary and begin reading...
 52785 | Vaults:5 | You add the spells Passwall and Swiftness to your library.
 52795 | Vaults:5 | Identified the staff of air "Red Lenn" {rElec rPois SInv}
 52802 | Vaults:5 | Learned a level 5 spell: Silence
 52806 | Vaults:5 | Learned a level 3 spell: Swiftness
 52862 | Vaults:5 | Reached skill level 1 in Air Magic
 53046 | Vaults:5 | Got a silver rune of Zot
 53052 | Vaults:5 | Identified the staff of conjuration "Cuba" {rF+ rCorr
                  | Stlth+}
 53060 | Vaults:5 | Reached skill level 6 in Stealth
 53063 | Vaults:5 | Reached skill level 2 in Air Magic
 53303 | Vaults:5 | Identified the +0 plate armour of Love and Death {-Cast Fly
                  | Str+3 SInv}
 53341 | Vaults:5 | Reached skill level 3 in Air Magic
 53345 | Vaults:5 | quicksilver dragon scales {rare}; a quicksilver dragon
                  | corpse
 53416 | Vaults:5 | quicksilver dragon scales {rare}; a quicksilver dragon
                  | corpse
 53416 | Vaults:5 | quicksilver dragon scales {rare}; a quicksilver dragon
                  | corpse
 53416 | Vaults:5 | Could not pick up quicksilver dragon scales {rare} here;
                  | ([A]lways) ignore it?
 53534 | Vaults:5 | Could not pick up a +0 eveningstar {macerare=g} here;
                  | ([A]lways) ignore it?
 53583 | Vaults:5 | Reached skill level 7 in Stealth
 53651 | Vaults:5 | Identified the staff of conjuration "Catzuh" {rPois rF+ rC-
                  | Str+3}
 53653 | Vaults:5 | Got the Compilation of Voltage
 54443 | Zot:1    | Entered Level 1 of the Realm of Zot
 54462 | Zot:1    | Reached skill level 4 in Air Magic
 54638 | Zot:1    | You pick up a book of Necromancy and begin reading...
 54652 | Zot:1    | You pick up a book of Storms and begin reading...
 54749 | Zot:1    | You pick up a book of Fire and begin reading...
 54867 | Zot:1    | Reached skill level 8 in Stealth
 55597 | Zot:1    | Reached skill level 5 in Air Magic
 55841 | Zot:2    | Reached skill level 9 in Stealth
 55888 | Zot:2    | Reached skill level 10 in Stealth
 55888 | Zot:2    | Reached XP level 25. HP: 139/139 MP: 41/41
 55940 | Zot:2    | Reached skill level 27 in Dodging
 57038 | Zot:3    | Noticed a Killer Klown
 57127 | Zot:2    | +0 storm dragon scales {rare}; a storm dragon corpse
 57149 | Zot:3    | Killed a Killer Klown
 57150 | Zot:3    | Reached skill level 16 in Fighting
 57171 | Zot:2    | +0 storm dragon scales {rare}; a storm dragon corpse
 57226 | Zot:2    | +0 storm dragon scales {rare}; a storm dragon corpse
 57486 | Zot:3    | Noticed an electric golem
 57492 | Zot:3    | Killed an electric golem
 57584 | Zot:3    | Noticed an orb of fire
 57589 | Zot:3    | Killed an orb of fire
 57657 | Zot:3    | +0 storm dragon scales {rare}; a storm dragon corpse
 57662 | Zot:3    | You pick up a book of Scorching and begin reading...
 57662 | Zot:3    | You add the spells Scorch and Summon Cactus Giant to your
                  | library.
 57708 | Zot:3    | Noticed an orb of fire
 57716 | Zot:3    | Lost mutation: Your muscles are strong. (Str +4, Int/Dex
                  | -1) [an orb of fire]
 57723 | Zot:3    | Killed an orb of fire
 57724 | Zot:3    | Reached skill level 17 in Fighting
 57785 | Zot:3    | Reached XP level 26. HP: 149/149 MP: 41/41
 57887 | Zot:3    | +0 shadow dragon scales {rare}; a shadow dragon skeleton
 57960 | Zot:4    | Noticed a curse toe
 58002 | Zot:3    | Killed a curse toe
 58112 | Zot:4    | Found Qiewkyun's Changing Room.
 58207 | Zot:4    | quicksilver dragon scales {rare}; a quicksilver dragon
                  | corpse
 58329 | Zot:4    | Noticed a curse toe
 58337 | Zot:4    | HP: 19/151 [golden dragon (24)]
 58339 | Zot:4    | Mangled by a death cob

Vanquished Creatures
  A dread lich (Vaults:5)
  2 orbs of fire (Zot:3)
  Boris (Crypt:1)
  Sojobo (Crypt:3)
  Vashnia (Snake:4)
  A Killer Klown (Zot:3)
  Saint Roka (Depths:1)
  5 golden dragons
  An electric golem (Zot:3)
  10 tentacled monstrosities
  Rupert (Orc:1)
  2 liches (Crypt:3)
  Asterion (Vaults:1)
  Mlioglotl (Shoals:2)
  7 quicksilver dragons
  9 ancient champions (Crypt:3)
  2 deep elf master archers (Elf:3)
  A kraken (Shoals:3)
  A titan (Vaults:5)
  5 death cobs
  2 sphinxes
  5 tengu reavers
  6 shadow dragons
  Polyphemus (Shoals:2)
  2 revenants
  7 storm dragons
  Donald (Snake:3)
  3 draconian knights
  6 nagarajas
  3 fire giants
  5 frost giants
  2 draconian monks
  2 iron dragons
  A ghost moth (Zot:3)
  12 vault wardens
  Louise (Snake:2)
  2 draconian scorchers
  9 deep elf sorcerers
  Aizul (Shoals:2)
  5 draconian shifters
  13 ghouls
  3 deep elf elementalists (Elf:3)
  2 curse skulls
  10 very ugly things
  An orc warlord (Orc:2)
  13 ironbound preservers
  A draconian annihilator (Zot:1)
  A war gargoyle (Vaults:1)
  10 ironbound thunderhulks
  A reaper (Crypt:2)
  3 black draconians
  6 stone giants
  5 purple draconians
  A rockslime zombie (Crypt:2)
  5 green draconians
  5 deep elf demonologists
  A yellow draconian (Zot:3)
  6 vampire knights
  A white draconian (Depths:4)
  Azrael (Snake:3)
  3 spark wasps (Depths:4)
  5 deep elf annihilators (Elf:3)
  6 dire elephants
  3 red draconians
  3 ettins
  2 pale draconians (Depths:4)
  3 eidola
  Josephine (Shoals:1)
  3 merfolk javelineers
  7 deep elf death magi
  10 jiangshi
  10 yaktaur captains
  6 fire dragons
  3 deep elf high priests
  9 merfolk impalers
  17 vault guards
  8 great orbs of eyes
  An entropy weaver (Vaults:4)
  A quicksilver dragon skeleton (Crypt:2)
  3 catoblepae
  A peacekeeper (Vaults:4)
  3 hydras
  3 rakshasas
  8 ice dragons
  2 spriggan air magi
  15 centaur warriors
  4 salamander tyrants
  3 ogre magi
  7 ironbound frosthearts
  5 merfolk aquamancers
  A spriggan skeleton (Crypt:1)
  A merfolk avatar (Shoals:4)
  Erica (D:8)
  11 anacondas
  2 death knights
  4 satyrs
  3 tengu warriors
  An alligator snapping turtle (Shoals:2)
  11 deep troll earth magi
  12 two-headed ogres
  5 boulder beetles
  4 deep troll shamans
  2 vampire magi (Crypt:3)
  4 shock serpents
  11 naga warriors
  11 dancing weapons
  A shock serpent (shapeshifter) (Vaults:5)
  5 hell knights
  12 death yaks
  A titan zombie (Crypt:1)
  An orc high priest (Elf:1)
  10 deep elf knights
  15 naga sharpshooters
  A skyshark (shapeshifter) (Vaults:4)
  2 soul eaters
  A sun demon (Depths:1)
  A sixfirhy (Depths:1)
  15 skeletal warriors
  5 iron trolls
  A golden dragon zombie (Depths:2)
  3 shadow wraiths
  9 skysharks
  Lodul (D:12)
  6 salamander mystics
  7 sea snakes
  4 glowing orange brains
  A swamp dragon (Depths:4)
  44 deep trolls
  13 deep elf archers
  6 flayed ghosts
  6 naga ritualists
  A bunyip zombie (Crypt:3)
  13 ironbound convokers
  7 lindwurms
  4 wizards
  28 deep elf pyromancers
  2 bog bodies (Crypt:1)
  15 phantasmal warriors
  6 necromancers
  9 mana vipers
  18 ugly things
  19 harpies
  12 fauns
  2 orc sorcerers (Orc:2)
  3 orc knights
  19 deep elf zephyrmancers
  11 cyclopes
  11 manticores
  4 oklob plants (Lair:2)
  A manticore (shapeshifter) (Elf:3)
  A jorogumo skeleton (Crypt:1)
  A dire elephant zombie (Crypt:2)
  8 merfolk sirens
  14 salamanders
  21 elephants
  21 naga magi
  27 black mambas
  8 vault sentinels
  8 cane toads
  10 moths of wrath
  A guardian serpent (Snake:3)
  6 water nymphs
  Maggie (D:7)
  A torpor snail (Lair:2)
  A fire giant skeleton (Depths:2)
  2 kobold demonologists
  A centaur skeleton (Crypt:3)
  Joseph (D:7)
  2 gargoyles (D:11)
  5 komodo dragons
  2 efreet
  3 unseen horrors
  22 yaktaurs
  A tormentor (Depths:1)
  3 rime drakes
  A freezing wraith (Crypt:1)
  An ice devil (Depths:1)
  A white draconian skeleton (Crypt:3)
  A tengu conjurer (Depths:2)
  A catoblepas skeleton (Crypt:3)
  28 merfolk
  4 trolls
  A hellwing (Depths:1)
  7 polar bears
  A moth of wrath zombie (Crypt:3)
  A hornet (Vaults:5)
  A wind drake (shapeshifter) (D:14)
  7 wind drakes
  2 harpy skeletons (Crypt:3)
  10 blink frogs
  13 snapping turtles
  2 hydra skeletons
  28 dream sheep
  A stone giant simulacrum (Crypt:3)
  An ettin zombie (Crypt:3)
  An ice dragon skeleton (Crypt:2)
  A black mamba zombie (Crypt:3)
  2 air elementals
  9 wraiths
  27 slime creatures
  48 yaks
  A fire dragon skeleton (Crypt:1)
  2 shadows
  3 flying skulls (Crypt:1)
  3 vampires
  Sigmund (D:6)
  3 fire elementals
  A human (shapeshifter) (D:14)
  21 water elementals
  3 wyverns
  7 humans (D:14)
  An alligator snapping turtle simulacrum (Crypt:3)
  2 basilisks (Lair:4)
  A basilisk (shapeshifter) (D:15)
  2 steam dragons (Depths:4)
  5 vampire mosquitoes
  26 nagas
  A redback (Vaults:4)
  A glowing shapeshifter zombie (Depths:2)
  3 wargs
  2 naga skeletons
  A cane toad zombie (Crypt:2)
  3 hell hounds (Snake:3)
  13 water moccasins
  Pargi (Sewer)
  18 orc warriors
  A faun skeleton (Crypt:1)
  4 ice beasts (D:11)
  20 wolves
  25 ogres
  11 centaurs
  A wolf (shapeshifter) (Vaults:5)
  A phantom (D:6)
  11 kobold brigands
  A hog skeleton (Crypt:2)
  Blork the orc (D:4)
  6 gnoll sergeants
  9 necrophages
  4 bullfrogs
  5 earth elementals
  9 scorpions
  A demonspawn simulacrum (Crypt:3)
  A wyvern zombie (Crypt:1)
  5 wights
  7 killer bees (D:9)
  2 electric eels
  A crimson imp (D:11)
  2 centaur zombies
  3 hounds
  A human zombie (Ossuary)
  A gnoll bouda (D:5)
  An iron imp (D:11)
  7 orc priests
  4 scorpion zombies (Ossuary)
  2 iguanas (D:5)
  17 orc wizards
  An acid dragon skeleton (Crypt:3)
  3 mummies (Ossuary)
  12 gnolls
  10 adders
  A river rat (D:6)
  2 shadow imps
  2 white imps
  An ufetubus (D:6)
  4 worms
  5 dart slugs
  45 orcs
  7 ball pythons
  An endoplasm (shapeshifter) (Vaults:5)
  8 endoplasms
  3 giant cockroaches
  9 goblins
  5 hobgoblins
  2 jackals (Sewer)
  4 quokkas
  A ball python skeleton (Crypt:1)
  A ball python zombie (Crypt:3)
  2 bats (D:1)
  2 frilled lizards
  4 goblin zombies (Ossuary)
  A hobgoblin zombie (Ossuary)
  26 kobolds
  A kobold zombie (Ossuary)
  3 orc zombies (Ossuary)
  10 rats
1650 creatures vanquished.

Vanquished Creatures (collateral kills)
  A dread lich (Vaults:5)
  2 curse toes
  A profane servitor (Crypt:3)
  2 golden dragons (Vaults:5)
  4 tentacled monstrosities
  A lich (Crypt:3)
  2 titans (Vaults:5)
  2 quicksilver dragons
  A deep elf blademaster (Elf:3)
  An ancient champion (Crypt:1)
  A sphinx (Vaults:5)
  3 death cobs
  3 storm dragons
  Frances (Shoals:1)
  2 tengu reavers (Vaults:5)
  3 shadow dragons
  A nagaraja (Snake:4)
  5 fire giants
  5 frost giants
  2 draconian scorchers (Zot:2)
  2 vault wardens
  A draconian stormcaller (Zot:1)
  A deep elf elementalist (Elf:3)
  2 draconian shifters
  2 curse skulls
  11 very ugly things
  3 ghouls
  A draconian annihilator (Zot:4)
  5 ironbound preservers
  2 war gargoyles (Vaults:5)
  2 reapers
  4 stone giants
  3 deep elf demonologists
  2 green draconians
  A red draconian (Zot:2)
  2 dire elephants (Vaults:1)
  5 white draconians
  A yellow draconian (Zot:1)
  4 black draconians
  A spark wasp (Depths:4)
  A deep elf annihilator (Elf:3)
  A purple draconian (Zot:4)
  2 ettins (Depths:2)
  2 jiangshi (Crypt:3)
  A quicksilver dragon zombie (Crypt:1)
  A deep elf high priest (Vaults:5)
  An entropy weaver (Vaults:5)
  A fire dragon (Depths:4)
  3 great orbs of eyes
  3 ice dragons
  4 yaktaur captains (Vaults:5)
  7 vault guards (Vaults:5)
  A hydra (Lair:5)
  3 ironbound frosthearts
  A spriggan skeleton (Crypt:3)
  An ogre mage (Vaults:5)
  2 centaur warriors
  3 dancing weapons
  2 deep troll earth magi
  7 two-headed ogres
  A merfolk aquamancer (Shoals:4)
  A boulder beetle (Vaults:1)
  3 deep troll shamans
  A naga sharpshooter (Snake:4)
  8 deep elf knights
  4 vampire magi (Crypt:3)
  2 hell knights (Depths:3)
  An iron troll (Depths:1)
  8 skeletal warriors
  A naga ritualist (Snake:1)
  Amaemon (Lair:3)
  14 deep trolls
  A golden dragon zombie (Crypt:3)
  An orb spider (shapeshifter) (Vaults:5)
  A phantasmal warrior (Vaults:5)
  2 swamp dragons (Depths:4)
  A spriggan simulacrum (Crypt:1)
  4 deep elf pyromancers
  2 necromancers
  7 ironbound convokers
  A wizard (Vaults:1)
  3 deep elf zephyrmancers
  4 deep elf archers
  10 ugly things
  A wolf spider (shapeshifter) (Vaults:5)
  3 harpies
  An iron dragon zombie (Crypt:1)
  2 salamanders (Snake:1)
  A manticore (Shoals:4)
  2 moths of wrath
  2 elephants
  A frost giant skeleton (Depths:2)
  4 black mambas
  A naga zombie (Crypt:1)
  3 stone giant skeletons
  4 cane toads
  3 vault sentinels
  A centaur skeleton (Crypt:1)
  An orange demon (Lair:3)
  5 yaktaurs
  A black draconian zombie (Crypt:2)
  A sea snake zombie (Crypt:2)
  2 rime drakes
  A white draconian zombie (Crypt:1)
  A komodo dragon (Lair:5)
  7 merfolk
  2 wind drakes
  5 trolls
  A polar bear (Lair:5)
  2 snapping turtles
  A blink frog (shapeshifter) (Elf:2)
  A harpy skeleton (Crypt:3)
  3 knights
  2 dream sheep
  2 slime creatures (Vaults:1)
  A vampire (Crypt:3)
  A water elemental (Depths:3)
  3 yaks
  A basilisk (Lair:2)
  2 wyverns
  A vampire mosquito (D:13)
  A steam dragon (Depths:4)
  A warg (Orc:2)
  A cane toad zombie (Crypt:1)
  A swamp worm (shapeshifter) (Vaults:5)
  A water nymph skeleton (Crypt:2)
  A swamp drake (shapeshifter) (Vaults:5)
  A water moccasin (Lair:1)
  A faun skeleton (Crypt:1)
  An ice beast (D:11)
  3 orc warriors
  9 ogres
  5 wolves
  A vine stalker zombie (Crypt:2)
  2 bullfrogs
  A scorpion (D:7)
  2 killer bees (D:9)
  An orc priest (Depths:1)
  3 orc wizards
  A tengu zombie (Crypt:1)
  A white imp (Vaults:2)
  An iguana skeleton (Crypt:3)
  18 orcs
  6 kobolds
  A ball python zombie (Crypt:2)
  An endoplasm zombie (Crypt:1)
  A kobold skeleton (Crypt:2)
  A kobold zombie (Crypt:3)
370 creatures vanquished.

Vanquished Creatures (others)
  An eldritch tentacle (Crypt:3)
  2 storm dragons
  A deep elf sorcerer (Elf:3)
  2 draconian knights
  A fire giant (Vaults:5)
  A vault warden (Vaults:5)
  2 draconian scorchers
  An ironbound preserver (Vaults:5)
  A stone giant (Vaults:5)
  A draconian annihilator (Depths:4)
  2 green draconians
  2 black draconians
  6 very ugly things (Depths:4)
  2 red draconians
  A vampire knight (Crypt:3)
  3 yellow draconians (Zot:2)
  An ettin (Vaults:5)
  2 yaktaur captains
  8 vault guards
  A centaur warrior (Vaults:1)
  A dancing weapon (Elf:2)
  2 naga warriors (Snake:4)
  A deep elf knight (Elf:2)
  3 skeletal warriors (Crypt:3)
  2 deep trolls
  A bog body (Crypt:3)
  A naga ritualist (Snake:4)
  An ironbound convoker (Vaults:5)
  A deep elf archer (Elf:2)
  A deep elf zephyrmancer (Elf:2)
  2 deep elf pyromancers (Elf:2)
  3 moths of wrath
  A vault sentinel (Vaults:5)
  A black mamba (Snake:4)
  3 naga magi (Snake:4)
  A troll (D:11)
  A slime creature (D:12)
  A wraith (Crypt:1)
  4 nagas
  3 orc warriors (Depths:1)
  A swamp drake (D:11)
  An ogre (D:12)
  A necrophage (Crypt:2)
  22 knights
  5 ancestors
  5 orcs
  4 tentacles (Shoals:3)
114 creatures vanquished.

Grand Total: 2134 creatures vanquished

Table legend:
 A = Non-vault XP
 B = Vault XP
 C = Vault XP percentage of total XP
 D = Non-vault monster count
 E = Vault monster count
 F = Vault count percentage of total count
                 A         B        C        D         E       F
            +---------+---------+-------+---------+---------+-------
      Total |  715034 |  470347 |  39.7 |    1400 |     655 |  31.9
            +---------+---------+-------+---------+---------+-------
        D:1 |      36 |       0 |   0.0 |      20 |       0 |   0.0
        D:2 |      72 |       0 |   0.0 |      17 |       0 |   0.0
        D:3 |      66 |       0 |   0.0 |      20 |       0 |   0.0
        D:4 |     112 |      96 |  46.2 |      10 |       1 |   9.1
        D:5 |     353 |       0 |   0.0 |      14 |       0 |   0.0
        D:6 |     542 |     261 |  32.5 |      16 |       9 |  36.0
        D:7 |    1536 |    1422 |  48.1 |      17 |       9 |  34.6
        D:8 |     978 |     834 |  46.0 |      24 |       1 |   4.0
        D:9 |    2692 |       0 |   0.0 |      30 |       0 |   0.0
       D:10 |    3098 |       0 |   0.0 |       8 |       0 |   0.0
       D:11 |    2860 |    3364 |  54.0 |      21 |      24 |  53.3
       D:12 |    5135 |    4968 |  49.2 |      16 |      31 |  66.0
       D:13 |    7563 |       0 |   0.0 |      18 |       0 |   0.0
       D:14 |    9440 |    4975 |  34.5 |      16 |      11 |  40.7
       D:15 |   12062 |    1049 |   8.0 |      25 |       1 |   3.8
     Lair:1 |    5576 |       0 |   0.0 |      24 |       0 |   0.0
     Lair:2 |    4745 |    3051 |  39.1 |      20 |       7 |  25.9
     Lair:3 |   10231 |    1965 |  16.1 |      35 |       4 |  10.3
     Lair:4 |   12848 |    2536 |  16.5 |      30 |       7 |  18.9
     Lair:5 |   14930 |    8018 |  34.9 |      46 |      18 |  28.1
   Shoals:1 |    8784 |    7386 |  45.7 |      20 |      14 |  41.2
   Shoals:2 |   15150 |    7570 |  33.3 |      30 |       7 |  18.9
   Shoals:3 |   19942 |    1928 |   8.8 |      50 |       3 |   5.7
   Shoals:4 |   15446 |   18433 |  54.4 |      32 |      33 |  50.8
    Snake:1 |   21699 |       0 |   0.0 |      44 |       0 |   0.0
    Snake:2 |   15257 |    2485 |  14.0 |      27 |       3 |  10.0
    Snake:3 |   15432 |    3015 |  16.3 |      28 |       6 |  17.6
    Snake:4 |   13559 |   28939 |  68.1 |      26 |      41 |  61.2
      Orc:1 |    3288 |    6657 |  66.9 |      21 |      15 |  41.7
      Orc:2 |    4419 |   10524 |  70.4 |      45 |      24 |  34.8
      Elf:1 |   28706 |    2440 |   7.8 |      49 |       4 |   7.5
      Elf:2 |   28520 |    3257 |  10.2 |      47 |       4 |   7.8
      Elf:3 |   12326 |   31717 |  72.0 |      21 |      28 |  57.1
   Vaults:1 |   29876 |   29407 |  49.6 |      49 |      35 |  41.7
   Vaults:2 |   26378 |   23939 |  47.6 |      35 |      33 |  48.5
   Vaults:3 |   23052 |    3471 |  13.1 |      32 |       4 |  11.1
   Vaults:4 |   20833 |   27177 |  56.6 |      33 |      35 |  51.5
   Vaults:5 |    7340 |   96513 |  92.9 |      11 |      91 |  89.2
    Crypt:1 |   39076 |    5488 |  12.3 |      65 |       3 |   4.4
    Crypt:2 |   15479 |    2496 |  13.9 |      29 |       2 |   6.5
    Crypt:3 |   36024 |   41356 |  53.4 |      53 |      40 |  43.0
   Depths:1 |   25284 |    5923 |  19.0 |      31 |      17 |  35.4
   Depths:2 |   20318 |   20924 |  50.7 |      27 |      20 |  42.6
   Depths:3 |   26042 |       0 |   0.0 |      33 |       0 |   0.0
   Depths:4 |   38234 |   16617 |  30.3 |      43 |      19 |  30.6
      Zot:1 |   26320 |       0 |   0.0 |      25 |       0 |   0.0
      Zot:2 |   42035 |       0 |   0.0 |      39 |       0 |   0.0
      Zot:3 |   34028 |   18466 |  35.2 |      22 |      10 |  31.2
      Zot:4 |    7312 |   20661 |  73.9 |       6 |      13 |  68.4
      Sewer |       0 |     142 | 100.0 |       0 |       3 | 100.0
    Ossuary |       0 |     877 | 100.0 |       0 |      25 | 100.0
            +---------+---------+-------+---------+---------+-------

Skill      XL: |  1  2  3  4  5  6  7  8  9 10 11 12 13 14 15 16 17 18 19 20 21 22 23 24 25 |
---------------+----------------------------------------------------------------------------+-----
Fighting       | 2 3 4 5 6 9 10 11 12 15 17 | 17.9
Dodging        | 3 4 5 6 7 8 9 10 11 12 14 15 17 18 21 25 26 27 | 27.0
Ranged Weapons | 6 7 8 10 12 18 19 20 22 23 25 26 | 26.0
Invocations    | 2 5 7 9 10 14 | 14.0
Stealth        | 5 10 | 10.0
Spellcasting   | 2 6 8 12 | 12.0
Necromancy     | 2 10 12 | 12.0
Earth Magic    | 1 8 12 | 12.0
Hexes          | 9 17 23 24 | 24.0
Translocations | 3 5 |  5.0
Transmutations | 3 5 |  5.0
Air Magic      | 5 |  5.0

Action                     |  1- 3 |  4- 6 |  7- 9 | 10-12 | 13-15 | 16-18 | 19-21 | 22-24 | 25-27 || total
---------------------------+-------+-------+-------+-------+-------+-------+-------+-------+-------++-------
   Fire: Shortbow          |    85 |   148 |    61 |       |       |       |       |       |       ||   294
         Triple crossbow   |       |       |   140 |   333 |   744 |  1006 |   992 |   977 |   224 ||  4416
   Cast: Borgnjor's Vile C |       |       |       |       |       |       |    12 |    31 |     7 ||    50
         Anguish           |       |       |       |       |       |       |     6 |     1 |     1 ||     8
         Yara's Violent Un |       |       |       |       |       |       |    10 |    31 |     1 ||    42
         Discord           |       |       |       |       |       |       |    13 |    90 |    17 ||   120
         Portal Projectile |       |       |       |       |       |       |     1 |       |       ||     1
         Enfeeble          |       |       |       |       |       |       |     1 |    51 |    10 ||    62
 Invoke: Ancestor Life: Kn |       |       |       |     1 |       |       |       |       |       ||     1
         Recall Ancestor   |       |       |       |     1 |     6 |     4 |     5 |     3 |     2 ||    21
         Idealise          |       |       |       |       |     2 |     3 |     9 |     4 |     4 ||    22
         Transference      |       |       |       |       |       |       |     3 |       |       ||     3
  Evoke: Wand              |       |       |       |       |       |     1 |       |       |       ||     1
    Use: Scroll            |       |    11 |    11 |     8 |    16 |     7 |     4 |       |     5 ||    62
         Potion            |       |     2 |     1 |     1 |     6 |     3 |     5 |     6 |    13 ||    37
 Armour: Leather armour    |     8 |    42 |    19 |       |       |       |       |       |       ||    69
         Troll leather arm |       |       |     1 |    17 |    42 |    24 |    32 |    47 |    15 ||   178
  Dodge: Dodged            |    12 |    70 |    67 |   118 |   254 |   186 |   273 |   280 |   209 ||  1469
         Repelled          |       |       |     1 |     1 |     5 |     1 |       |       |       ||     8
  Block: Other             |       |       |    14 |    26 |    56 |    40 |    55 |    49 |    26 ||   266
         Reflection        |       |       |     2 |     3 |     5 |    16 |    10 |     5 |       ||    41

Illustrated notes

Table legend:
 A = Kills in this place as a percentage of kills in the entire game.
 B = Kills by you in this place as a percentage of kills by you in the entire game.
 C = Kills by friends in this place as a percentage of kills by friends in the entire game.
 D = Other kills in this place as a percentage of other kills in the entire game.
 E = Experience gained in this place as a percentage of experience gained in the entire game.
 F = Experience gained in this place divided by the number of levels of this place that you have seen.
                   A       B       C       D       E      F
               +-------+-------+-------+-------+-------+----------------------
         Total | 100.0 | 100.0 | 100.0 | 100.0 | 100.0 | 22365.7
       Dungeon |  17.5 |  20.2 |   6.8 |   2.6 |   5.4 | 4234.3
          Lair |   9.3 |   9.9 |   7.4 |   0.0 |   5.4 | 12780.0
        Shoals |   9.2 |  10.4 |   4.6 |   0.0 |   8.0 | 23659.8
     Snake Pit |   8.5 |  10.0 |   2.2 |   5.3 |   8.5 | 25096.5
  Orcish Mines |   5.1 |   4.7 |   7.4 |   0.0 |   2.1 | 12444.0
   Elven Halls |   7.4 |   7.2 |   7.9 |  13.2 |   9.0 | 35655.3
        Vaults |  17.4 |  15.5 |  24.5 |  34.2 |  24.3 | 57597.2
         Crypt |   9.3 |   8.4 |  13.9 |   7.9 |  11.8 | 46639.7
        Depths |   9.2 |   7.6 |  16.3 |  10.5 |  12.9 | 38335.5
           Zot |   5.6 |   4.4 |   9.0 |  26.3 |  12.6 | 37205.5
         Sewer |   0.1 |   0.2 |   0.0 |   0.0 |   0.0 | 142.0
       Ossuary |   1.2 |   1.5 |   0.0 |   0.0 |   0.1 | 877.0
               +-------+-------+-------+-------+-------+----------------------

Table legend: (Time is in decaauts)
 A = Elapsed time spent in this place.
 B = Non-inter-level travel time spent in this place.
 C = Inter-level travel time spent in this place.
 D = Time resting spent in this place.
 E = Time spent auto-exploring this place.
 F = Levels seen in this place.
 G = Mean time per level.
                   A        B        C        D        E       F      G
               +--------+--------+--------+--------+--------+-----+--------+
         Total |  58981 |  53484 |   5497 |   7669 |  29457 |  53 | 1112.8 |
       Dungeon |  14622 |  12630 |   1992 |    478 |   8942 |  15 |  974.8 |
        Temple |    187 |    152 |     35 |      0 |     85 |   1 |  187.0 |
          Lair |   5682 |   4781 |    901 |    585 |   2944 |   5 | 1136.4 |
        Shoals |   4573 |   4368 |    205 |    701 |   2524 |   4 | 1143.2 |
     Snake Pit |   4940 |   4304 |    636 |    303 |   3172 |   4 | 1235.0 |
  Orcish Mines |   1203 |   1012 |    191 |    284 |    433 |   2 |  601.5 |
   Elven Halls |   4431 |   4200 |    231 |    633 |   1880 |   3 | 1477.0 |
        Vaults |   9123 |   8408 |    715 |   1546 |   3776 |   5 | 1824.6 |
         Crypt |   4355 |   4195 |    160 |   1056 |   1791 |   3 | 1451.7 |
        Depths |   5303 |   4944 |    359 |   1132 |   2546 |   4 | 1325.8 |
           Zot |   3870 |   3803 |     67 |    868 |   1341 |   4 |  967.5 |
        Bazaar |     81 |     81 |      0 |      0 |      0 |   1 |   81.0 |
         Sewer |    142 |    142 |      0 |      0 |     21 |   1 |  142.0 |
       Ossuary |    464 |    464 |      0 |     80 |      0 |   1 |  464.0 |
               +--------+--------+--------+--------+--------+-----+--------+

Top non-repeatable levels by time:
Vaults:5: 3016 daAuts
   Elf:3: 2252 daAuts
Depths:4: 2106 daAuts
Vaults:1: 1990 daAuts
 Crypt:3: 1841 daAuts
 Crypt:1: 1669 daAuts
Vaults:4: 1575 daAuts
    D:12: 1484 daAuts
 Snake:3: 1480 daAuts
    D:11: 1455 daAuts
   Elf:1: 1438 daAuts
   Zot:2: 1396 daAuts
    D:14: 1393 daAuts
Vaults:2: 1392 daAuts
  Lair:2: 1326 daAuts
